Workbook
Name An: Setări!$C$5
Name Categorii: Setări!$E$5:$E$19
Name Firma: Setări!$C$4
Name SoldInitial: Setări!$C$6
Name SoldMinim: Setări!$C$7
Name TipCat: Setări!$F$5:$F$19
Name UltimaLuna: Setări!$C$8

Sheet Cash flow
B1: Cash flow (flux de numerar) lunar
B2: Lunile încheiate arată ce s-a încasat și plătit efectiv; lunile următoare arată previziunea. Alerta apare când soldul scade sub rezerva dorită.
B3: ="Firma: "&Firma&" · Anul "&An -> Firma: Exemplu Distribuție SRL · Anul 2026
B4: Categorie | C4: Ian | D4: Feb | E4: Mar | F4: Apr | G4: Mai | H4: Iun | I4: Iul | J4: Aug | K4: Sep | L4: Oct | M4: Nov | N4: Dec | O4: Total an
B5: ÎNCASĂRI | C5: =IF(1<=UltimaLuna,"realizat","previziune") -> realizat | D5: =IF(2<=UltimaLuna,"realizat","previziune") -> realizat | E5: =IF(3<=UltimaLuna,"realizat","previziune") -> realizat | F5: =IF(4<=UltimaLuna,"realizat","previziune") -> realizat | G5: =IF(5<=UltimaLuna,"realizat","previziune") -> realizat | H5: =IF(6<=UltimaLuna,"realizat","previziune") -> realizat | I5: =IF(7<=UltimaLuna,"realizat","previziune") -> realizat | J5: =IF(8<=UltimaLuna,"realizat","previziune") -> realizat | K5: =IF(9<=UltimaLuna,"realizat","previziune") -> realizat | L5: =IF(10<=UltimaLuna,"realizat","previziune") -> previziune | M5: =IF(11<=UltimaLuna,"realizat","previziune") -> previziune | N5: =IF(12<=UltimaLuna,"realizat","previziune") -> previziune
B6: =Setări!$E$5 -> Încasări de la clienți | C6: =IF(COLUMN()-2<=UltimaLuna,'Realizat lunar'!C6,Previziune!C6) -> 74880 | D6: =IF(COLUMN()-2<=UltimaLuna,'Realizat lunar'!D6,Previziune!D6) -> 75480 | E6: =IF(COLUMN()-2<=UltimaLuna,'Realizat lunar'!E6,Previziune!E6) -> 79050 | F6: =IF(COLUMN()-2<=UltimaLuna,'Realizat lunar'!F6,Previziune!F6) -> 92400 | G6: =IF(COLUMN()-2<=UltimaLuna,'Realizat lunar'!G6,Previziune!G6) -> 90160 | H6: =IF(COLUMN()-2<=UltimaLuna,'Realizat lunar'!H6,Previziune!H6) -> 86450 | I6: =IF(COLUMN()-2<=UltimaLuna,'Realizat lunar'!I6,Previziune!I6) -> 92700 | J6: =IF(COLUMN()-2<=UltimaLuna,'Realizat lunar'!J6,Previziune!J6) -> 57400 | ... N6: =IF(COLUMN()-2<=UltimaLuna,'Realizat lunar'!N6,Previziune!N6) -> 110000 | O6: =SUM(C6:N6) -> 1046760
B7: =Setări!$E$6 -> Avansuri de la clienți | C7: =IF(COLUMN()-2<=UltimaLuna,'Realizat lunar'!C7,Previziune!C7) -> 0 | D7: =IF(COLUMN()-2<=UltimaLuna,'Realizat lunar'!D7,Previziune!D7) -> 0 | E7: =IF(COLUMN()-2<=UltimaLuna,'Realizat lunar'!E7,Previziune!E7) -> 10000 | F7: =IF(COLUMN()-2<=UltimaLuna,'Realizat lunar'!F7,Previziune!F7) -> 0 | G7: =IF(COLUMN()-2<=UltimaLuna,'Realizat lunar'!G7,Previziune!G7) -> 0 | H7: =IF(COLUMN()-2<=UltimaLuna,'Realizat lunar'!H7,Previziune!H7) -> 15000 | I7: =IF(COLUMN()-2<=UltimaLuna,'Realizat lunar'!I7,Previziune!I7) -> 0 | J7: =IF(COLUMN()-2<=UltimaLuna,'Realizat lunar'!J7,Previziune!J7) -> 0 | ... N7: =IF(COLUMN()-2<=UltimaLuna,'Realizat lunar'!N7,Previziune!N7) -> 20000 | O7: =SUM(C7:N7) -> 45000
B8: =Setări!$E$7 -> Credite și împrumuturi primite | C8: =IF(COLUMN()-2<=UltimaLuna,'Realizat lunar'!C8,Previziune!C8) -> 0 | D8: =IF(COLUMN()-2<=UltimaLuna,'Realizat lunar'!D8,Previziune!D8) -> 0 | E8: =IF(COLUMN()-2<=UltimaLuna,'Realizat lunar'!E8,Previziune!E8) -> 0 | F8: =IF(COLUMN()-2<=UltimaLuna,'Realizat lunar'!F8,Previziune!F8) -> 0 | G8: =IF(COLUMN()-2<=UltimaLuna,'Realizat lunar'!G8,Previziune!G8) -> 0 | H8: =IF(COLUMN()-2<=UltimaLuna,'Realizat lunar'!H8,Previziune!H8) -> 0 | I8: =IF(COLUMN()-2<=UltimaLuna,'Realizat lunar'!I8,Previziune!I8) -> 0 | J8: =IF(COLUMN()-2<=UltimaLuna,'Realizat lunar'!J8,Previziune!J8) -> 0 | ... N8: =IF(COLUMN()-2<=UltimaLuna,'Realizat lunar'!N8,Previziune!N8) -> 0 | O8: =SUM(C8:N8) -> 0
B9: =Setări!$E$8 -> Aport al asociaților | C9: =IF(COLUMN()-2<=UltimaLuna,'Realizat lunar'!C9,Previziune!C9) -> 0 | D9: =IF(COLUMN()-2<=UltimaLuna,'Realizat lunar'!D9,Previziune!D9) -> 0 | E9: =IF(COLUMN()-2<=UltimaLuna,'Realizat lunar'!E9,Previziune!E9) -> 0 | F9: =IF(COLUMN()-2<=UltimaLuna,'Realizat lunar'!F9,Previziune!F9) -> 0 | G9: =IF(COLUMN()-2<=UltimaLuna,'Realizat lunar'!G9,Previziune!G9) -> 0 | H9: =IF(COLUMN()-2<=UltimaLuna,'Realizat lunar'!H9,Previziune!H9) -> 0 | I9: =IF(COLUMN()-2<=UltimaLuna,'Realizat lunar'!I9,Previziune!I9) -> 0 | J9: =IF(COLUMN()-2<=UltimaLuna,'Realizat lunar'!J9,Previziune!J9) -> 0 | ... N9: =IF(COLUMN()-2<=UltimaLuna,'Realizat lunar'!N9,Previziune!N9) -> 0 | O9: =SUM(C9:N9) -> 0
B10: =Setări!$E$9 -> Alte încasări | C10: =IF(COLUMN()-2<=UltimaLuna,'Realizat lunar'!C10,Previziune!C10) -> 500 | D10: =IF(COLUMN()-2<=UltimaLuna,'Realizat lunar'!D10,Previziune!D10) -> 500 | E10: =IF(COLUMN()-2<=UltimaLuna,'Realizat lunar'!E10,Previziune!E10) -> 500 | F10: =IF(COLUMN()-2<=UltimaLuna,'Realizat lunar'!F10,Previziune!F10) -> 500 | G10: =IF(COLUMN()-2<=UltimaLuna,'Realizat lunar'!G10,Previziune!G10) -> 500 | H10: =IF(COLUMN()-2<=UltimaLuna,'Realizat lunar'!H10,Previziune!H10) -> 500 | I10: =IF(COLUMN()-2<=UltimaLuna,'Realizat lunar'!I10,Previziune!I10) -> 500 | J10: =IF(COLUMN()-2<=UltimaLuna,'Realizat lunar'!J10,Previziune!J10) -> 500 | ... N10: =IF(COLUMN()-2<=UltimaLuna,'Realizat lunar'!N10,Previziune!N10) -> 500 | O10: =SUM(C10:N10) -> 6000
B11: Total încasări | C11: =SUM(C6:C10) -> 75380 | D11: =SUM(D6:D10) -> 75980 | E11: =SUM(E6:E10) -> 89550 | F11: =SUM(F6:F10) -> 92900 | G11: =SUM(G6:G10) -> 90660 | H11: =SUM(H6:H10) -> 101950 | I11: =SUM(I6:I10) -> 93200 | J11: =SUM(J6:J10) -> 57900 | ... N11: =SUM(N6:N10) -> 130500 | O11: =SUM(C11:N11) -> 1097760
B13: PLĂȚI
B14: =Setări!$E$10 -> Furnizori (marfă, materiale, servicii) | C14: =IF(COLUMN()-2<=UltimaLuna,'Realizat lunar'!C14,Previziune!C14) -> 32800 | D14: =IF(COLUMN()-2<=UltimaLuna,'Realizat lunar'!D14,Previziune!D14) -> 30480 | E14: =IF(COLUMN()-2<=UltimaLuna,'Realizat lunar'!E14,Previziune!E14) -> 37130 | F14: =IF(COLUMN()-2<=UltimaLuna,'Realizat lunar'!F14,Previziune!F14) -> 37370 | G14: =IF(COLUMN()-2<=UltimaLuna,'Realizat lunar'!G14,Previziune!G14) -> 38210 | H14: =IF(COLUMN()-2<=UltimaLuna,'Realizat lunar'!H14,Previziune!H14) -> 40700 | I14: =IF(COLUMN()-2<=UltimaLuna,'Realizat lunar'!I14,Previziune!I14) -> 37800 | J14: =IF(COLUMN()-2<=UltimaLuna,'Realizat lunar'!J14,Previziune!J14) -> 28520 | ... N14: =IF(COLUMN()-2<=UltimaLuna,'Realizat lunar'!N14,Previziune!N14) -> 46200 | O14: =SUM(C14:N14) -> 453920
B15: =Setări!$E$11 -> Salarii nete | C15: =IF(COLUMN()-2<=UltimaLuna,'Realizat lunar'!C15,Previziune!C15) -> 16000 | D15: =IF(COLUMN()-2<=UltimaLuna,'Realizat lunar'!D15,Previziune!D15) -> 16000 | E15: =IF(COLUMN()-2<=UltimaLuna,'Realizat lunar'!E15,Previziune!E15) -> 16000 | F15: =IF(COLUMN()-2<=UltimaLuna,'Realizat lunar'!F15,Previziune!F15) -> 16000 | G15: =IF(COLUMN()-2<=UltimaLuna,'Realizat lunar'!G15,Previziune!G15) -> 16000 | H15: =IF(COLUMN()-2<=UltimaLuna,'Realizat lunar'!H15,Previziune!H15) -> 16000 | I15: =IF(COLUMN()-2<=UltimaLuna,'Realizat lunar'!I15,Previziune!I15) -> 16000 | J15: =IF(COLUMN()-2<=UltimaLuna,'Realizat lunar'!J15,Previziune!J15) -> 16000 | ... N15: =IF(COLUMN()-2<=UltimaLuna,'Realizat lunar'!N15,Previziune!N15) -> 21000 | O15: =SUM(C15:N15) -> 197000
B16: =Setări!$E$12 -> Contribuții și impozit pe salarii | C16: =IF(COLUMN()-2<=UltimaLuna,'Realizat lunar'!C16,Previziune!C16) -> 10500 | D16: =IF(COLUMN()-2<=UltimaLuna,'Realizat lunar'!D16,Previziune!D16) -> 10500 | E16: =IF(COLUMN()-2<=UltimaLuna,'Realizat lunar'!E16,Previziune!E16) -> 10500 | F16: =IF(COLUMN()-2<=UltimaLuna,'Realizat lunar'!F16,Previziune!F16) -> 10500 | G16: =IF(COLUMN()-2<=UltimaLuna,'Realizat lunar'!G16,Previziune!G16) -> 10500 | H16: =IF(COLUMN()-2<=UltimaLuna,'Realizat lunar'!H16,Previziune!H16) -> 10500 | I16: =IF(COLUMN()-2<=UltimaLuna,'Realizat lunar'!I16,Previziune!I16) -> 10500 | J16: =IF(COLUMN()-2<=UltimaLuna,'Realizat lunar'!J16,Previziune!J16) -> 10500 | ... N16: =IF(COLUMN()-2<=UltimaLuna,'Realizat lunar'!N16,Previziune!N16) -> 13800 | O16: =SUM(C16:N16) -> 129300
B17: =Setări!$E$13 -> TVA de plată | C17: =IF(COLUMN()-2<=UltimaLuna,'Realizat lunar'!C17,Previziune!C17) -> 5200 | D17: =IF(COLUMN()-2<=UltimaLuna,'Realizat lunar'!D17,Previziune!D17) -> 5200 | E17: =IF(COLUMN()-2<=UltimaLuna,'Realizat lunar'!E17,Previziune!E17) -> 5200 | F17: =IF(COLUMN()-2<=UltimaLuna,'Realizat lunar'!F17,Previziune!F17) -> 5200 | G17: =IF(COLUMN()-2<=UltimaLuna,'Realizat lunar'!G17,Previziune!G17) -> 5200 | H17: =IF(COLUMN()-2<=UltimaLuna,'Realizat lunar'!H17,Previziune!H17) -> 5200 | I17: =IF(COLUMN()-2<=UltimaLuna,'Realizat lunar'!I17,Previziune!I17) -> 5200 | J17: =IF(COLUMN()-2<=UltimaLuna,'Realizat lunar'!J17,Previziune!J17) -> 5200 | ... N17: =IF(COLUMN()-2<=UltimaLuna,'Realizat lunar'!N17,Previziune!N17) -> 5200 | O17: =SUM(C17:N17) -> 62400
B18: =Setări!$E$14 -> Impozit pe profit / venit | C18: =IF(COLUMN()-2<=UltimaLuna,'Realizat lunar'!C18,Previziune!C18) -> 2400 | D18: =IF(COLUMN()-2<=UltimaLuna,'Realizat lunar'!D18,Previziune!D18) -> 0 | E18: =IF(COLUMN()-2<=UltimaLuna,'Realizat lunar'!E18,Previziune!E18) -> 0 | F18: =IF(COLUMN()-2<=UltimaLuna,'Realizat lunar'!F18,Previziune!F18) -> 2600 | G18: =IF(COLUMN()-2<=UltimaLuna,'Realizat lunar'!G18,Previziune!G18) -> 0 | H18: =IF(COLUMN()-2<=UltimaLuna,'Realizat lunar'!H18,Previziune!H18) -> 0 | I18: =IF(COLUMN()-2<=UltimaLuna,'Realizat lunar'!I18,Previziune!I18) -> 2700 | J18: =IF(COLUMN()-2<=UltimaLuna,'Realizat lunar'!J18,Previziune!J18) -> 0 | ... N18: =IF(COLUMN()-2<=UltimaLuna,'Realizat lunar'!N18,Previziune!N18) -> 0 | O18: =SUM(C18:N18) -> 10500
B19: =Setări!$E$15 -> Chirie și utilități | C19: =IF(COLUMN()-2<=UltimaLuna,'Realizat lunar'!C19,Previziune!C19) -> 6050 | D19: =IF(COLUMN()-2<=UltimaLuna,'Realizat lunar'!D19,Previziune!D19) -> 6110 | E19: =IF(COLUMN()-2<=UltimaLuna,'Realizat lunar'!E19,Previziune!E19) -> 5980 | F19: =IF(COLUMN()-2<=UltimaLuna,'Realizat lunar'!F19,Previziune!F19) -> 5800 | G19: =IF(COLUMN()-2<=UltimaLuna,'Realizat lunar'!G19,Previziune!G19) -> 5680 | H19: =IF(COLUMN()-2<=UltimaLuna,'Realizat lunar'!H19,Previziune!H19) -> 5890 | I19: =IF(COLUMN()-2<=UltimaLuna,'Realizat lunar'!I19,Previziune!I19) -> 6020 | J19: =IF(COLUMN()-2<=UltimaLuna,'Realizat lunar'!J19,Previziune!J19) -> 6060 | ... N19: =IF(COLUMN()-2<=UltimaLuna,'Realizat lunar'!N19,Previziune!N19) -> 5800 | O19: =SUM(C19:N19) -> 70930
B20: =Setări!$E$16 -> Rate de credit și dobânzi | C20: =IF(COLUMN()-2<=UltimaLuna,'Realizat lunar'!C20,Previziune!C20) -> 3100 | D20: =IF(COLUMN()-2<=UltimaLuna,'Realizat lunar'!D20,Previziune!D20) -> 3100 | E20: =IF(COLUMN()-2<=UltimaLuna,'Realizat lunar'!E20,Previziune!E20) -> 3100 | F20: =IF(COLUMN()-2<=UltimaLuna,'Realizat lunar'!F20,Previziune!F20) -> 3100 | G20: =IF(COLUMN()-2<=UltimaLuna,'Realizat lunar'!G20,Previziune!G20) -> 3100 | H20: =IF(COLUMN()-2<=UltimaLuna,'Realizat lunar'!H20,Previziune!H20) -> 3100 | I20: =IF(COLUMN()-2<=UltimaLuna,'Realizat lunar'!I20,Previziune!I20) -> 3100 | J20: =IF(COLUMN()-2<=UltimaLuna,'Realizat lunar'!J20,Previziune!J20) -> 3100 | ... N20: =IF(COLUMN()-2<=UltimaLuna,'Realizat lunar'!N20,Previziune!N20) -> 3100 | O20: =SUM(C20:N20) -> 37200
B21: =Setări!$E$17 -> Investiții (echipamente, mașini) | C21: =IF(COLUMN()-2<=UltimaLuna,'Realizat lunar'!C21,Previziune!C21) -> 0 | D21: =IF(COLUMN()-2<=UltimaLuna,'Realizat lunar'!D21,Previziune!D21) -> 0 | E21: =IF(COLUMN()-2<=UltimaLuna,'Realizat lunar'!E21,Previziune!E21) -> 0 | F21: =IF(COLUMN()-2<=UltimaLuna,'Realizat lunar'!F21,Previziune!F21) -> 0 | G21: =IF(COLUMN()-2<=UltimaLuna,'Realizat lunar'!G21,Previziune!G21) -> 0 | H21: =IF(COLUMN()-2<=UltimaLuna,'Realizat lunar'!H21,Previziune!H21) -> 15000 | I21: =IF(COLUMN()-2<=UltimaLuna,'Realizat lunar'!I21,Previziune!I21) -> 0 | J21: =IF(COLUMN()-2<=UltimaLuna,'Realizat lunar'!J21,Previziune!J21) -> 0 | ... N21: =IF(COLUMN()-2<=UltimaLuna,'Realizat lunar'!N21,Previziune!N21) -> 0 | O21: =SUM(C21:N21) -> 95000
B22: =Setări!$E$18 -> Dividende | C22: =IF(COLUMN()-2<=UltimaLuna,'Realizat lunar'!C22,Previziune!C22) -> 0 | D22: =IF(COLUMN()-2<=UltimaLuna,'Realizat lunar'!D22,Previziune!D22) -> 0 | E22: =IF(COLUMN()-2<=UltimaLuna,'Realizat lunar'!E22,Previziune!E22) -> 0 | F22: =IF(COLUMN()-2<=UltimaLuna,'Realizat lunar'!F22,Previziune!F22) -> 0 | G22: =IF(COLUMN()-2<=UltimaLuna,'Realizat lunar'!G22,Previziune!G22) -> 0 | H22: =IF(COLUMN()-2<=UltimaLuna,'Realizat lunar'!H22,Previziune!H22) -> 30000 | I22: =IF(COLUMN()-2<=UltimaLuna,'Realizat lunar'!I22,Previziune!I22) -> 0 | J22: =IF(COLUMN()-2<=UltimaLuna,'Realizat lunar'!J22,Previziune!J22) -> 0 | ... N22: =IF(COLUMN()-2<=UltimaLuna,'Realizat lunar'!N22,Previziune!N22) -> 0 | O22: =SUM(C22:N22) -> 30000
B23: =Setări!$E$19 -> Alte plăți | C23: =IF(COLUMN()-2<=UltimaLuna,'Realizat lunar'!C23,Previziune!C23) -> 1500 | D23: =IF(COLUMN()-2<=UltimaLuna,'Realizat lunar'!D23,Previziune!D23) -> 1500 | E23: =IF(COLUMN()-2<=UltimaLuna,'Realizat lunar'!E23,Previziune!E23) -> 1500 | F23: =IF(COLUMN()-2<=UltimaLuna,'Realizat lunar'!F23,Previziune!F23) -> 1500 | G23: =IF(COLUMN()-2<=UltimaLuna,'Realizat lunar'!G23,Previziune!G23) -> 1500 | H23: =IF(COLUMN()-2<=UltimaLuna,'Realizat lunar'!H23,Previziune!H23) -> 1500 | I23: =IF(COLUMN()-2<=UltimaLuna,'Realizat lunar'!I23,Previziune!I23) -> 1500 | J23: =IF(COLUMN()-2<=UltimaLuna,'Realizat lunar'!J23,Previziune!J23) -> 1500 | ... N23: =IF(COLUMN()-2<=UltimaLuna,'Realizat lunar'!N23,Previziune!N23) -> 1500 | O23: =SUM(C23:N23) -> 18000
B24: Total plăți | C24: =SUM(C14:C23) -> 77550 | D24: =SUM(D14:D23) -> 72890 | E24: =SUM(E14:E23) -> 79410 | F24: =SUM(F14:F23) -> 82070 | G24: =SUM(G14:G23) -> 80190 | H24: =SUM(H14:H23) -> 127890 | I24: =SUM(I14:I23) -> 82820 | J24: =SUM(J14:J23) -> 70880 | ... N24: =SUM(N14:N23) -> 96600 | O24: =SUM(C24:N24) -> 1104250
B26: Flux net al lunii (încasări – plăți) | C26: =C11-C24 -> -2170 | D26: =D11-D24 -> 3090 | E26: =E11-E24 -> 10140 | F26: =F11-F24 -> 10830 | G26: =G11-G24 -> 10470 | H26: =H11-H24 -> -25940 | I26: =I11-I24 -> 10380 | J26: =J11-J24 -> -12980 | ... N26: =N11-N24 -> 33900 | O26: =SUM(C26:N26) -> -6490
B27: Sold la începutul lunii | C27: =SoldInitial -> 45000 | D27: =C28 -> 42830 | E27: =D28 -> 45920 | F27: =E28 -> 56060 | G27: =F28 -> 66890 | H27: =G28 -> 77360 | I27: =H28 -> 51420 | J27: =I28 -> 61800 | K27: =J28 -> 48820 | ... N27: =M28 -> 4610
B28: Sold la sfârșitul lunii | C28: =C27+C26 -> 42830 | D28: =D27+D26 -> 45920 | E28: =E27+E26 -> 56060 | F28: =F27+F26 -> 66890 | G28: =G27+G26 -> 77360 | H28: =H27+H26 -> 51420 | I28: =I27+I26 -> 61800 | J28: =J27+J26 -> 48820 | ... N28: =N27+N26 -> 38510 | O28: =N28 -> 38510
B29: Sold minim dorit | C29: =SoldMinim -> 20000 | D29: =SoldMinim -> 20000 | E29: =SoldMinim -> 20000 | F29: =SoldMinim -> 20000 | G29: =SoldMinim -> 20000 | H29: =SoldMinim -> 20000 | I29: =SoldMinim -> 20000 | J29: =SoldMinim -> 20000 | ... N29: =SoldMinim -> 20000
B30: Situație | C30: =IF(C28<0,"Sold negativ",IF(C28<C29,"Sub rezervă","OK")) -> OK | D30: =IF(D28<0,"Sold negativ",IF(D28<D29,"Sub rezervă","OK")) -> OK | E30: =IF(E28<0,"Sold negativ",IF(E28<E29,"Sub rezervă","OK")) -> OK | F30: =IF(F28<0,"Sold negativ",IF(F28<F29,"Sub rezervă","OK")) -> OK | G30: =IF(G28<0,"Sold negativ",IF(G28<G29,"Sub rezervă","OK")) -> OK | H30: =IF(H28<0,"Sold negativ",IF(H28<H29,"Sub rezervă","OK")) -> OK | I30: =IF(I28<0,"Sold negativ",IF(I28<I29,"Sub rezervă","OK")) -> OK | J30: =IF(J28<0,"Sold negativ",IF(J28<J29,"Sub rezervă","OK")) -> OK | ... N30: =IF(N28<0,"Sold negativ",IF(N28<N29,"Sub rezervă","OK")) -> OK
B32: =IF(COUNTIF(C30:N30,"OK")=12,"✔ Soldul rămâne peste rezerva dorită în toate lunile.","Atenție: în "&COUNTIF(C30:N30,"<>OK")&IF(COUNTIF(C30:N30,"<>OK")=1," lună"," luni")&" soldul scade sub rezervă. Cel mai mic sold: "&FIXED(MIN(C28:N28),0)&" lei, în luna "&INDEX(C4:N4,MATCH(MIN(C28:N28),C28:N28,0))&". Necesar de finanțare pentru a păstra rezerva: "&FIXED(MAX(0,SoldMinim-MIN(C28:N28)),0)&" lei.") -> Atenție: în 1 lună soldul scade sub rezervă. Cel mai mic sold: 4.610 lei, în luna Nov. Necesar de finanțare pentru a păstra rezerva: 15.390 lei.

Sheet Previziune
B1: Previziunea încasărilor și plăților
B2: Completează sumele pe care te aștepți să le încasezi și să le plătești în fiecare lună (cu TVA, așa cum intră și ies efectiv banii).
B4: Categorie | C4: Ian | D4: Feb | E4: Mar | F4: Apr | G4: Mai | H4: Iun | I4: Iul | J4: Aug | K4: Sep | L4: Oct | M4: Nov | N4: Dec | O4: Total an
B5: ÎNCASĂRI
B6: =Setări!$E$5 -> Încasări de la clienți | C6: 78000 | D6: 74000 | E6: 85000 | F6: 88000 | G6: 92000 | H6: 95000 | I6: 90000 | J6: 70000 | K6: 96000 | L6: 100000 | M6: 98000 | N6: 110000 | O6: =SUM(C6:N6) -> 1076000
B7: =Setări!$E$6 -> Avansuri de la clienți | E7: 10000 | H7: 15000 | K7: 12000 | N7: 20000 | O7: =SUM(C7:N7) -> 57000
B8: =Setări!$E$7 -> Credite și împrumuturi primite | O8: =SUM(C8:N8) -> 0
B9: =Setări!$E$8 -> Aport al asociaților | O9: =SUM(C9:N9) -> 0
B10: =Setări!$E$9 -> Alte încasări | C10: 500 | D10: 500 | E10: 500 | F10: 500 | G10: 500 | H10: 500 | I10: 500 | J10: 500 | K10: 500 | L10: 500 | M10: 500 | N10: 500 | O10: =SUM(C10:N10) -> 6000
B11: Total încasări | C11: =SUM(C6:C10) -> 78500 | D11: =SUM(D6:D10) -> 74500 | E11: =SUM(E6:E10) -> 95500 | F11: =SUM(F6:F10) -> 88500 | G11: =SUM(G6:G10) -> 92500 | H11: =SUM(H6:H10) -> 110500 | I11: =SUM(I6:I10) -> 90500 | J11: =SUM(J6:J10) -> 70500 | ... N11: =SUM(N6:N10) -> 130500 | O11: =SUM(C11:N11) -> 1139000
B13: PLĂȚI
B14: =Setări!$E$10 -> Furnizori (marfă, materiale, servicii) | C14: 32800 | D14: 31100 | E14: 35700 | F14: 37000 | G14: 38600 | H14: 39900 | I14: 37800 | J14: 29400 | K14: 40300 | L14: 42000 | M14: 41200 | N14: 46200 | O14: =SUM(C14:N14) -> 452000
B15: =Setări!$E$11 -> Salarii nete | C15: 16000 | D15: 16000 | E15: 16000 | F15: 16000 | G15: 16000 | H15: 16000 | I15: 16000 | J15: 16000 | K15: 16000 | L15: 16000 | M15: 16000 | N15: 21000 | O15: =SUM(C15:N15) -> 197000
B16: =Setări!$E$12 -> Contribuții și impozit pe salarii | C16: 10500 | D16: 10500 | E16: 10500 | F16: 10500 | G16: 10500 | H16: 10500 | I16: 10500 | J16: 10500 | K16: 10500 | L16: 10500 | M16: 10500 | N16: 13800 | O16: =SUM(C16:N16) -> 129300
B17: =Setări!$E$13 -> TVA de plată | C17: 5200 | D17: 5200 | E17: 5200 | F17: 5200 | G17: 5200 | H17: 5200 | I17: 5200 | J17: 5200 | K17: 5200 | L17: 5200 | M17: 5200 | N17: 5200 | O17: =SUM(C17:N17) -> 62400
B18: =Setări!$E$14 -> Impozit pe profit / venit | C18: 2400 | F18: 2600 | I18: 2700 | L18: 2800 | O18: =SUM(C18:N18) -> 10500
B19: =Setări!$E$15 -> Chirie și utilități | C19: 5800 | D19: 5800 | E19: 5800 | F19: 5800 | G19: 5800 | H19: 5800 | I19: 5800 | J19: 5800 | K19: 5800 | L19: 5800 | M19: 5800 | N19: 5800 | O19: =SUM(C19:N19) -> 69600
B20: =Setări!$E$16 -> Rate de credit și dobânzi | C20: 3100 | D20: 3100 | E20: 3100 | F20: 3100 | G20: 3100 | H20: 3100 | I20: 3100 | J20: 3100 | K20: 3100 | L20: 3100 | M20: 3100 | N20: 3100 | O20: =SUM(C20:N20) -> 37200
B21: =Setări!$E$17 -> Investiții (echipamente, mașini) | H21: 15000 | M21: 80000 | O21: =SUM(C21:N21) -> 95000
B22: =Setări!$E$18 -> Dividende | H22: 30000 | O22: =SUM(C22:N22) -> 30000
B23: =Setări!$E$19 -> Alte plăți | C23: 1500 | D23: 1500 | E23: 1500 | F23: 1500 | G23: 1500 | H23: 1500 | I23: 1500 | J23: 1500 | K23: 1500 | L23: 1500 | M23: 1500 | N23: 1500 | O23: =SUM(C23:N23) -> 18000
B24: Total plăți | C24: =SUM(C14:C23) -> 77300 | D24: =SUM(D14:D23) -> 73200 | E24: =SUM(E14:E23) -> 77800 | F24: =SUM(F14:F23) -> 81700 | G24: =SUM(G14:G23) -> 80700 | H24: =SUM(H14:H23) -> 127000 | I24: =SUM(I14:I23) -> 82600 | J24: =SUM(J14:J23) -> 71500 | ... N24: =SUM(N14:N23) -> 96600 | O24: =SUM(C24:N24) -> 1101000

Sheet Încasări și plăți
B1: Încasări și plăți realizate
B2: Un rând pentru fiecare încasare sau plată efectivă (bancă sau casă). Tipul și luna se completează automat din categorie și dată.
B4: Data | C4: Categorie | D4: Descriere / document | E4: Suma (lei) | F4: Tip | G4: Luna | H4: Verificare
B5: =DATE(2026,1,5) -> 46027 | C5: Chirie și utilități | D5: Chirie depozit și utilități | E5: 6050 | F5: =IF(C5="","",IFERROR(INDEX(TipCat,MATCH(C5,Categorii,0)),"?")) -> Plată | G5: =IF(B5="","",IF(YEAR(B5)=An,MONTH(B5),0)) -> 1 | H5: =IF(AND(B5="",C5="",E5=""),"",TRIM(IF(OR(B5="",C5="",E5=""),"Date incomplete. ","")&IF(F5="?","Categorie necunoscută. ","")&IF(N(E5)<0,"Scrie suma fără minus. ","")&IF(AND(B5<>"",G5=0),"Data nu e din anul "&An&". ","")&IF(AND(G5<>"",G5>UltimaLuna),"Lună neîncheiată: nu intră încă în cash flow. ","")))
B6: =DATE(2026,1,8) -> 46030 | C6: Încasări de la clienți | D6: Încasări clienți – extras bancă | E6: 29950 | F6: =IF(C6="","",IFERROR(INDEX(TipCat,MATCH(C6,Categorii,0)),"?")) -> Încasare | G6: =IF(B6="","",IF(YEAR(B6)=An,MONTH(B6),0)) -> 1 | H6: =IF(AND(B6="",C6="",E6=""),"",TRIM(IF(OR(B6="",C6="",E6=""),"Date incomplete. ","")&IF(F6="?","Categorie necunoscută. ","")&IF(N(E6)<0,"Scrie suma fără minus. ","")&IF(AND(B6<>"",G6=0),"Data nu e din anul "&An&". ","")&IF(AND(G6<>"",G6>UltimaLuna),"Lună neîncheiată: nu intră încă în cash flow. ","")))
B7: =DATE(2026,1,10) -> 46032 | C7: Salarii nete | D7: Salarii nete luna anterioară | E7: 16000 | F7: =IF(C7="","",IFERROR(INDEX(TipCat,MATCH(C7,Categorii,0)),"?")) -> Plată | G7: =IF(B7="","",IF(YEAR(B7)=An,MONTH(B7),0)) -> 1 | H7: =IF(AND(B7="",C7="",E7=""),"",TRIM(IF(OR(B7="",C7="",E7=""),"Date incomplete. ","")&IF(F7="?","Categorie necunoscută. ","")&IF(N(E7)<0,"Scrie suma fără minus. ","")&IF(AND(B7<>"",G7=0),"Data nu e din anul "&An&". ","")&IF(AND(G7<>"",G7>UltimaLuna),"Lună neîncheiată: nu intră încă în cash flow. ","")))
B8: =DATE(2026,1,14) -> 46036 | C8: Furnizori (marfă, materiale, servicii) | D8: Plăți furnizori – extras bancă | E8: 19680 | F8: =IF(C8="","",IFERROR(INDEX(TipCat,MATCH(C8,Categorii,0)),"?")) -> Plată | G8: =IF(B8="","",IF(YEAR(B8)=An,MONTH(B8),0)) -> 1 | H8: =IF(AND(B8="",C8="",E8=""),"",TRIM(IF(OR(B8="",C8="",E8=""),"Date incomplete. ","")&IF(F8="?","Categorie necunoscută. ","")&IF(N(E8)<0,"Scrie suma fără minus. ","")&IF(AND(B8<>"",G8=0),"Data nu e din anul "&An&". ","")&IF(AND(G8<>"",G8>UltimaLuna),"Lună neîncheiată: nu intră încă în cash flow. ","")))
B9: =DATE(2026,1,15) -> 46037 | C9: Rate de credit și dobânzi | D9: Rată credit echipamente | E9: 3100 | F9: =IF(C9="","",IFERROR(INDEX(TipCat,MATCH(C9,Categorii,0)),"?")) -> Plată | G9: =IF(B9="","",IF(YEAR(B9)=An,MONTH(B9),0)) -> 1 | H9: =IF(AND(B9="",C9="",E9=""),"",TRIM(IF(OR(B9="",C9="",E9=""),"Date incomplete. ","")&IF(F9="?","Categorie necunoscută. ","")&IF(N(E9)<0,"Scrie suma fără minus. ","")&IF(AND(B9<>"",G9=0),"Data nu e din anul "&An&". ","")&IF(AND(G9<>"",G9>UltimaLuna),"Lună neîncheiată: nu intră încă în cash flow. ","")))
B10: =DATE(2026,1,17) -> 46039 | C10: Încasări de la clienți | D10: Încasări clienți – extras bancă | E10: 26210 | F10: =IF(C10="","",IFERROR(INDEX(TipCat,MATCH(C10,Categorii,0)),"?")) -> Încasare | G10: =IF(B10="","",IF(YEAR(B10)=An,MONTH(B10),0)) -> 1 | H10: =IF(AND(B10="",C10="",E10=""),"",TRIM(IF(OR(B10="",C10="",E10=""),"Date incomplete. ","")&IF(F10="?","Categorie necunoscută. ","")&IF(N(E10)<0,"Scrie suma fără minus. ","")&IF(AND(B10<>"",G10=0),"Data nu e din anul "&An&". ","")&IF(AND(G10<>"",G10>UltimaLuna),"Lună neîncheiată: nu intră încă în cash flow. ","")))
B11: =DATE(2026,1,25) -> 46047 | C11: TVA de plată | D11: TVA de plată (D300) | E11: 5200 | F11: =IF(C11="","",IFERROR(INDEX(TipCat,MATCH(C11,Categorii,0)),"?")) -> Plată | G11: =IF(B11="","",IF(YEAR(B11)=An,MONTH(B11),0)) -> 1 | H11: =IF(AND(B11="",C11="",E11=""),"",TRIM(IF(OR(B11="",C11="",E11=""),"Date incomplete. ","")&IF(F11="?","Categorie necunoscută. ","")&IF(N(E11)<0,"Scrie suma fără minus. ","")&IF(AND(B11<>"",G11=0),"Data nu e din anul "&An&". ","")&IF(AND(G11<>"",G11>UltimaLuna),"Lună neîncheiată: nu intră încă în cash flow. ","")))
B12: =DATE(2026,1,25) -> 46047 | C12: Impozit pe profit / venit | D12: Impozit trimestrial | E12: 2400 | F12: =IF(C12="","",IFERROR(INDEX(TipCat,MATCH(C12,Categorii,0)),"?")) -> Plată | G12: =IF(B12="","",IF(YEAR(B12)=An,MONTH(B12),0)) -> 1 | H12: =IF(AND(B12="",C12="",E12=""),"",TRIM(IF(OR(B12="",C12="",E12=""),"Date incomplete. ","")&IF(F12="?","Categorie necunoscută. ","")&IF(N(E12)<0,"Scrie suma fără minus. ","")&IF(AND(B12<>"",G12=0),"Data nu e din anul "&An&". ","")&IF(AND(G12<>"",G12>UltimaLuna),"Lună neîncheiată: nu intră încă în cash flow. ","")))
B13: =DATE(2026,1,25) -> 46047 | C13: Contribuții și impozit pe salarii | D13: D112 – contribuții și impozit | E13: 10500 | F13: =IF(C13="","",IFERROR(INDEX(TipCat,MATCH(C13,Categorii,0)),"?")) -> Plată | G13: =IF(B13="","",IF(YEAR(B13)=An,MONTH(B13),0)) -> 1 | H13: =IF(AND(B13="",C13="",E13=""),"",TRIM(IF(OR(B13="",C13="",E13=""),"Date incomplete. ","")&IF(F13="?","Categorie necunoscută. ","")&IF(N(E13)<0,"Scrie suma fără minus. ","")&IF(AND(B13<>"",G13=0),"Data nu e din anul "&An&". ","")&IF(AND(G13<>"",G13>UltimaLuna),"Lună neîncheiată: nu intră încă în cash flow. ","")))
B14: =DATE(2026,1,26) -> 46048 | C14: Încasări de la clienți | D14: Încasări clienți – extras bancă | E14: 18720 | F14: =IF(C14="","",IFERROR(INDEX(TipCat,MATCH(C14,Categorii,0)),"?")) -> Încasare | G14: =IF(B14="","",IF(YEAR(B14)=An,MONTH(B14),0)) -> 1 | H14: =IF(AND(B14="",C14="",E14=""),"",TRIM(IF(OR(B14="",C14="",E14=""),"Date incomplete. ","")&IF(F14="?","Categorie necunoscută. ","")&IF(N(E14)<0,"Scrie suma fără minus. ","")&IF(AND(B14<>"",G14=0),"Data nu e din anul "&An&". ","")&IF(AND(G14<>"",G14>UltimaLuna),"Lună neîncheiată: nu intră încă în cash flow. ","")))
B15: =DATE(2026,1,27) -> 46049 | C15: Alte plăți | D15: Diverse (bancă, curierat) | E15: 1500 | F15: =IF(C15="","",IFERROR(INDEX(TipCat,MATCH(C15,Categorii,0)),"?")) -> Plată | G15: =IF(B15="","",IF(YEAR(B15)=An,MONTH(B15),0)) -> 1 | H15: =IF(AND(B15="",C15="",E15=""),"",TRIM(IF(OR(B15="",C15="",E15=""),"Date incomplete. ","")&IF(F15="?","Categorie necunoscută. ","")&IF(N(E15)<0,"Scrie suma fără minus. ","")&IF(AND(B15<>"",G15=0),"Data nu e din anul "&An&". ","")&IF(AND(G15<>"",G15>UltimaLuna),"Lună neîncheiată: nu intră încă în cash flow. ","")))
B16: =DATE(2026,1,28) -> 46050 | C16: Furnizori (marfă, materiale, servicii) | D16: Plăți furnizori – extras bancă | E16: 13120 | F16: =IF(C16="","",IFERROR(INDEX(TipCat,MATCH(C16,Categorii,0)),"?")) -> Plată | G16: =IF(B16="","",IF(YEAR(B16)=An,MONTH(B16),0)) -> 1 | H16: =IF(AND(B16="",C16="",E16=""),"",TRIM(IF(OR(B16="",C16="",E16=""),"Date incomplete. ","")&IF(F16="?","Categorie necunoscută. ","")&IF(N(E16)<0,"Scrie suma fără minus. ","")&IF(AND(B16<>"",G16=0),"Data nu e din anul "&An&". ","")&IF(AND(G16<>"",G16>UltimaLuna),"Lună neîncheiată: nu intră încă în cash flow. ","")))
B17: =DATE(2026,1,28) -> 46050 | C17: Alte încasări | D17: Dobândă cont / diverse | E17: 500 | F17: =IF(C17="","",IFERROR(INDEX(TipCat,MATCH(C17,Categorii,0)),"?")) -> Încasare | G17: =IF(B17="","",IF(YEAR(B17)=An,MONTH(B17),0)) -> 1 | H17: =IF(AND(B17="",C17="",E17=""),"",TRIM(IF(OR(B17="",C17="",E17=""),"Date incomplete. ","")&IF(F17="?","Categorie necunoscută. ","")&IF(N(E17)<0,"Scrie suma fără minus. ","")&IF(AND(B17<>"",G17=0),"Data nu e din anul "&An&". ","")&IF(AND(G17<>"",G17>UltimaLuna),"Lună neîncheiată: nu intră încă în cash flow. ","")))
B18: =DATE(2026,2,5) -> 46058 | C18: Chirie și utilități | D18: Chirie depozit și utilități | E18: 6110 | F18: =IF(C18="","",IFERROR(INDEX(TipCat,MATCH(C18,Categorii,0)),"?")) -> Plată | G18: =IF(B18="","",IF(YEAR(B18)=An,MONTH(B18),0)) -> 2 | H18: =IF(AND(B18="",C18="",E18=""),"",TRIM(IF(OR(B18="",C18="",E18=""),"Date incomplete. ","")&IF(F18="?","Categorie necunoscută. ","")&IF(N(E18)<0,"Scrie suma fără minus. ","")&IF(AND(B18<>"",G18=0),"Data nu e din anul "&An&". ","")&IF(AND(G18<>"",G18>UltimaLuna),"Lună neîncheiată: nu intră încă în cash flow. ","")))
B19: =DATE(2026,2,8) -> 46061 | C19: Încasări de la clienți | D19: Încasări clienți – extras bancă | E19: 30190 | F19: =IF(C19="","",IFERROR(INDEX(TipCat,MATCH(C19,Categorii,0)),"?")) -> Încasare | G19: =IF(B19="","",IF(YEAR(B19)=An,MONTH(B19),0)) -> 2 | H19: =IF(AND(B19="",C19="",E19=""),"",TRIM(IF(OR(B19="",C19="",E19=""),"Date incomplete. ","")&IF(F19="?","Categorie necunoscută. ","")&IF(N(E19)<0,"Scrie suma fără minus. ","")&IF(AND(B19<>"",G19=0),"Data nu e din anul "&An&". ","")&IF(AND(G19<>"",G19>UltimaLuna),"Lună neîncheiată: nu intră încă în cash flow. ","")))
B20: =DATE(2026,2,10) -> 46063 | C20: Salarii nete | D20: Salarii nete luna anterioară | E20: 16000 | F20: =IF(C20="","",IFERROR(INDEX(TipCat,MATCH(C20,Categorii,0)),"?")) -> Plată | G20: =IF(B20="","",IF(YEAR(B20)=An,MONTH(B20),0)) -> 2 | H20: =IF(AND(B20="",C20="",E20=""),"",TRIM(IF(OR(B20="",C20="",E20=""),"Date incomplete. ","")&IF(F20="?","Categorie necunoscută. ","")&IF(N(E20)<0,"Scrie suma fără minus. ","")&IF(AND(B20<>"",G20=0),"Data nu e din anul "&An&". ","")&IF(AND(G20<>"",G20>UltimaLuna),"Lună neîncheiată: nu intră încă în cash flow. ","")))
B21: =DATE(2026,2,14) -> 46067 | C21: Furnizori (marfă, materiale, servicii) | D21: Plăți furnizori – extras bancă | E21: 18290 | F21: =IF(C21="","",IFERROR(INDEX(TipCat,MATCH(C21,Categorii,0)),"?")) -> Plată | G21: =IF(B21="","",IF(YEAR(B21)=An,MONTH(B21),0)) -> 2 | H21: =IF(AND(B21="",C21="",E21=""),"",TRIM(IF(OR(B21="",C21="",E21=""),"Date incomplete. ","")&IF(F21="?","Categorie necunoscută. ","")&IF(N(E21)<0,"Scrie suma fără minus. ","")&IF(AND(B21<>"",G21=0),"Data nu e din anul "&An&". ","")&IF(AND(G21<>"",G21>UltimaLuna),"Lună neîncheiată: nu intră încă în cash flow. ","")))
B22: =DATE(2026,2,15) -> 46068 | C22: Rate de credit și dobânzi | D22: Rată credit echipamente | E22: 3100 | F22: =IF(C22="","",IFERROR(INDEX(TipCat,MATCH(C22,Categorii,0)),"?")) -> Plată | G22: =IF(B22="","",IF(YEAR(B22)=An,MONTH(B22),0)) -> 2 | H22: =IF(AND(B22="",C22="",E22=""),"",TRIM(IF(OR(B22="",C22="",E22=""),"Date incomplete. ","")&IF(F22="?","Categorie necunoscută. ","")&IF(N(E22)<0,"Scrie suma fără minus. ","")&IF(AND(B22<>"",G22=0),"Data nu e din anul "&An&". ","")&IF(AND(G22<>"",G22>UltimaLuna),"Lună neîncheiată: nu intră încă în cash flow. ","")))
B23: =DATE(2026,2,17) -> 46070 | C23: Încasări de la clienți | D23: Încasări clienți – extras bancă | E23: 26420 | F23: =IF(C23="","",IFERROR(INDEX(TipCat,MATCH(C23,Categorii,0)),"?")) -> Încasare | G23: =IF(B23="","",IF(YEAR(B23)=An,MONTH(B23),0)) -> 2 | H23: =IF(AND(B23="",C23="",E23=""),"",TRIM(IF(OR(B23="",C23="",E23=""),"Date incomplete. ","")&IF(F23="?","Categorie necunoscută. ","")&IF(N(E23)<0,"Scrie suma fără minus. ","")&IF(AND(B23<>"",G23=0),"Data nu e din anul "&An&". ","")&IF(AND(G23<>"",G23>UltimaLuna),"Lună neîncheiată: nu intră încă în cash flow. ","")))
B24: =DATE(2026,2,25) -> 46078 | C24: Contribuții și impozit pe salarii | D24: D112 – contribuții și impozit | E24: 10500 | F24: =IF(C24="","",IFERROR(INDEX(TipCat,MATCH(C24,Categorii,0)),"?")) -> Plată | G24: =IF(B24="","",IF(YEAR(B24)=An,MONTH(B24),0)) -> 2 | H24: =IF(AND(B24="",C24="",E24=""),"",TRIM(IF(OR(B24="",C24="",E24=""),"Date incomplete. ","")&IF(F24="?","Categorie necunoscută. ","")&IF(N(E24)<0,"Scrie suma fără minus. ","")&IF(AND(B24<>"",G24=0),"Data nu e din anul "&An&". ","")&IF(AND(G24<>"",G24>UltimaLuna),"Lună neîncheiată: nu intră încă în cash flow. ","")))
B25: =DATE(2026,2,25) -> 46078 | C25: TVA de plată | D25: TVA de plată (D300) | E25: 5200 | F25: =IF(C25="","",IFERROR(INDEX(TipCat,MATCH(C25,Categorii,0)),"?")) -> Plată | G25: =IF(B25="","",IF(YEAR(B25)=An,MONTH(B25),0)) -> 2 | H25: =IF(AND(B25="",C25="",E25=""),"",TRIM(IF(OR(B25="",C25="",E25=""),"Date incomplete. ","")&IF(F25="?","Categorie necunoscută. ","")&IF(N(E25)<0,"Scrie suma fără minus. ","")&IF(AND(B25<>"",G25=0),"Data nu e din anul "&An&". ","")&IF(AND(G25<>"",G25>UltimaLuna),"Lună neîncheiată: nu intră încă în cash flow. ","")))
B26: =DATE(2026,2,26) -> 46079 | C26: Încasări de la clienți | D26: Încasări clienți – extras bancă | E26: 18870 | F26: =IF(C26="","",IFERROR(INDEX(TipCat,MATCH(C26,Categorii,0)),"?")) -> Încasare | G26: =IF(B26="","",IF(YEAR(B26)=An,MONTH(B26),0)) -> 2 | H26: =IF(AND(B26="",C26="",E26=""),"",TRIM(IF(OR(B26="",C26="",E26=""),"Date incomplete. ","")&IF(F26="?","Categorie necunoscută. ","")&IF(N(E26)<0,"Scrie suma fără minus. ","")&IF(AND(B26<>"",G26=0),"Data nu e din anul "&An&". ","")&IF(AND(G26<>"",G26>UltimaLuna),"Lună neîncheiată: nu intră încă în cash flow. ","")))
B27: =DATE(2026,2,27) -> 46080 | C27: Alte plăți | D27: Diverse (bancă, curierat) | E27: 1500 | F27: =IF(C27="","",IFERROR(INDEX(TipCat,MATCH(C27,Categorii,0)),"?")) -> Plată | G27: =IF(B27="","",IF(YEAR(B27)=An,MONTH(B27),0)) -> 2 | H27: =IF(AND(B27="",C27="",E27=""),"",TRIM(IF(OR(B27="",C27="",E27=""),"Date incomplete. ","")&IF(F27="?","Categorie necunoscută. ","")&IF(N(E27)<0,"Scrie suma fără minus. ","")&IF(AND(B27<>"",G27=0),"Data nu e din anul "&An&". ","")&IF(AND(G27<>"",G27>UltimaLuna),"Lună neîncheiată: nu intră încă în cash flow. ","")))
B28: =DATE(2026,2,28) -> 46081 | C28: Alte încasări | D28: Dobândă cont / diverse | E28: 500 | F28: =IF(C28="","",IFERROR(INDEX(TipCat,MATCH(C28,Categorii,0)),"?")) -> Încasare | G28: =IF(B28="","",IF(YEAR(B28)=An,MONTH(B28),0)) -> 2 | H28: =IF(AND(B28="",C28="",E28=""),"",TRIM(IF(OR(B28="",C28="",E28=""),"Date incomplete. ","")&IF(F28="?","Categorie necunoscută. ","")&IF(N(E28)<0,"Scrie suma fără minus. ","")&IF(AND(B28<>"",G28=0),"Data nu e din anul "&An&". ","")&IF(AND(G28<>"",G28>UltimaLuna),"Lună neîncheiată: nu intră încă în cash flow. ","")))
B29: =DATE(2026,2,28) -> 46081 | C29: Furnizori (marfă, materiale, servicii) | D29: Plăți furnizori – extras bancă | E29: 12190 | F29: =IF(C29="","",IFERROR(INDEX(TipCat,MATCH(C29,Categorii,0)),"?")) -> Plată | G29: =IF(B29="","",IF(YEAR(B29)=An,MONTH(B29),0)) -> 2 | H29: =IF(AND(B29="",C29="",E29=""),"",TRIM(IF(OR(B29="",C29="",E29=""),"Date incomplete. ","")&IF(F29="?","Categorie necunoscută. ","")&IF(N(E29)<0,"Scrie suma fără minus. ","")&IF(AND(B29<>"",G29=0),"Data nu e din anul "&An&". ","")&IF(AND(G29<>"",G29>UltimaLuna),"Lună neîncheiată: nu intră încă în cash flow. ","")))
B30: =DATE(2026,3,5) -> 46086 | C30: Chirie și utilități | D30: Chirie depozit și utilități | E30: 5980 | F30: =IF(C30="","",IFERROR(INDEX(TipCat,MATCH(C30,Categorii,0)),"?")) -> Plată | G30: =IF(B30="","",IF(YEAR(B30)=An,MONTH(B30),0)) -> 3 | H30: =IF(AND(B30="",C30="",E30=""),"",TRIM(IF(OR(B30="",C30="",E30=""),"Date incomplete. ","")&IF(F30="?","Categorie necunoscută. ","")&IF(N(E30)<0,"Scrie suma fără minus. ","")&IF(AND(B30<>"",G30=0),"Data nu e din anul "&An&". ","")&IF(AND(G30<>"",G30>UltimaLuna),"Lună neîncheiată: nu intră încă în cash flow. ","")))
B31: =DATE(2026,3,8) -> 46089 | C31: Încasări de la clienți | D31: Încasări clienți – extras bancă | E31: 31620 | F31: =IF(C31="","",IFERROR(INDEX(TipCat,MATCH(C31,Categorii,0)),"?")) -> Încasare | G31: =IF(B31="","",IF(YEAR(B31)=An,MONTH(B31),0)) -> 3 | H31: =IF(AND(B31="",C31="",E31=""),"",TRIM(IF(OR(B31="",C31="",E31=""),"Date incomplete. ","")&IF(F31="?","Categorie necunoscută. ","")&IF(N(E31)<0,"Scrie suma fără minus. ","")&IF(AND(B31<>"",G31=0),"Data nu e din anul "&An&". ","")&IF(AND(G31<>"",G31>UltimaLuna),"Lună neîncheiată: nu intră încă în cash flow. ","")))
B32: =DATE(2026,3,10) -> 46091 | C32: Salarii nete | D32: Salarii nete luna anterioară | E32: 16000 | F32: =IF(C32="","",IFERROR(INDEX(TipCat,MATCH(C32,Categorii,0)),"?")) -> Plată | G32: =IF(B32="","",IF(YEAR(B32)=An,MONTH(B32),0)) -> 3 | H32: =IF(AND(B32="",C32="",E32=""),"",TRIM(IF(OR(B32="",C32="",E32=""),"Date incomplete. ","")&IF(F32="?","Categorie necunoscută. ","")&IF(N(E32)<0,"Scrie suma fără minus. ","")&IF(AND(B32<>"",G32=0),"Data nu e din anul "&An&". ","")&IF(AND(G32<>"",G32>UltimaLuna),"Lună neîncheiată: nu intră încă în cash flow. ","")))
B33: =DATE(2026,3,12) -> 46093 | C33: Avansuri de la clienți | D33: Avans comandă client | E33: 10000 | F33: =IF(C33="","",IFERROR(INDEX(TipCat,MATCH(C33,Categorii,0)),"?")) -> Încasare | G33: =IF(B33="","",IF(YEAR(B33)=An,MONTH(B33),0)) -> 3 | H33: =IF(AND(B33="",C33="",E33=""),"",TRIM(IF(OR(B33="",C33="",E33=""),"Date incomplete. ","")&IF(F33="?","Categorie necunoscută. ","")&IF(N(E33)<0,"Scrie suma fără minus. ","")&IF(AND(B33<>"",G33=0),"Data nu e din anul "&An&". ","")&IF(AND(G33<>"",G33>UltimaLuna),"Lună neîncheiată: nu intră încă în cash flow. ","")))
B34: =DATE(2026,3,14) -> 46095 | C34: Furnizori (marfă, materiale, servicii) | D34: Plăți furnizori – extras bancă | E34: 22280 | F34: =IF(C34="","",IFERROR(INDEX(TipCat,MATCH(C34,Categorii,0)),"?")) -> Plată | G34: =IF(B34="","",IF(YEAR(B34)=An,MONTH(B34),0)) -> 3 | H34: =IF(AND(B34="",C34="",E34=""),"",TRIM(IF(OR(B34="",C34="",E34=""),"Date incomplete. ","")&IF(F34="?","Categorie necunoscută. ","")&IF(N(E34)<0,"Scrie suma fără minus. ","")&IF(AND(B34<>"",G34=0),"Data nu e din anul "&An&". ","")&IF(AND(G34<>"",G34>UltimaLuna),"Lună neîncheiată: nu intră încă în cash flow. ","")))
B35: =DATE(2026,3,15) -> 46096 | C35: Rate de credit și dobânzi | D35: Rată credit echipamente | E35: 3100 | F35: =IF(C35="","",IFERROR(INDEX(TipCat,MATCH(C35,Categorii,0)),"?")) -> Plată | G35: =IF(B35="","",IF(YEAR(B35)=An,MONTH(B35),0)) -> 3 | H35: =IF(AND(B35="",C35="",E35=""),"",TRIM(IF(OR(B35="",C35="",E35=""),"Date incomplete. ","")&IF(F35="?","Categorie necunoscută. ","")&IF(N(E35)<0,"Scrie suma fără minus. ","")&IF(AND(B35<>"",G35=0),"Data nu e din anul "&An&". ","")&IF(AND(G35<>"",G35>UltimaLuna),"Lună neîncheiată: nu intră încă în cash flow. ","")))
B36: =DATE(2026,3,17) -> 46098 | C36: Încasări de la clienți | D36: Încasări clienți – extras bancă | E36: 27670 | F36: =IF(C36="","",IFERROR(INDEX(TipCat,MATCH(C36,Categorii,0)),"?")) -> Încasare | G36: =IF(B36="","",IF(YEAR(B36)=An,MONTH(B36),0)) -> 3 | H36: =IF(AND(B36="",C36="",E36=""),"",TRIM(IF(OR(B36="",C36="",E36=""),"Date incomplete. ","")&IF(F36="?","Categorie necunoscută. ","")&IF(N(E36)<0,"Scrie suma fără minus. ","")&IF(AND(B36<>"",G36=0),"Data nu e din anul "&An&". ","")&IF(AND(G36<>"",G36>UltimaLuna),"Lună neîncheiată: nu intră încă în cash flow. ","")))
B37: =DATE(2026,3,25) -> 46106 | C37: Contribuții și impozit pe salarii | D37: D112 – contribuții și impozit | E37: 10500 | F37: =IF(C37="","",IFERROR(INDEX(TipCat,MATCH(C37,Categorii,0)),"?")) -> Plată | G37: =IF(B37="","",IF(YEAR(B37)=An,MONTH(B37),0)) -> 3 | H37: =IF(AND(B37="",C37="",E37=""),"",TRIM(IF(OR(B37="",C37="",E37=""),"Date incomplete. ","")&IF(F37="?","Categorie necunoscută. ","")&IF(N(E37)<0,"Scrie suma fără minus. ","")&IF(AND(B37<>"",G37=0),"Data nu e din anul "&An&". ","")&IF(AND(G37<>"",G37>UltimaLuna),"Lună neîncheiată: nu intră încă în cash flow. ","")))
B38: =DATE(2026,3,25) -> 46106 | C38: TVA de plată | D38: TVA de plată (D300) | E38: 5200 | F38: =IF(C38="","",IFERROR(INDEX(TipCat,MATCH(C38,Categorii,0)),"?")) -> Plată | G38: =IF(B38="","",IF(YEAR(B38)=An,MONTH(B38),0)) -> 3 | H38: =IF(AND(B38="",C38="",E38=""),"",TRIM(IF(OR(B38="",C38="",E38=""),"Date incomplete. ","")&IF(F38="?","Categorie necunoscută. ","")&IF(N(E38)<0,"Scrie suma fără minus. ","")&IF(AND(B38<>"",G38=0),"Data nu e din anul "&An&". ","")&IF(AND(G38<>"",G38>UltimaLuna),"Lună neîncheiată: nu intră încă în cash flow. ","")))
B39: =DATE(2026,3,26) -> 46107 | C39: Încasări de la clienți | D39: Încasări clienți – extras bancă | E39: 19760 | F39: =IF(C39="","",IFERROR(INDEX(TipCat,MATCH(C39,Categorii,0)),"?")) -> Încasare | G39: =IF(B39="","",IF(YEAR(B39)=An,MONTH(B39),0)) -> 3 | H39: =IF(AND(B39="",C39="",E39=""),"",TRIM(IF(OR(B39="",C39="",E39=""),"Date incomplete. ","")&IF(F39="?","Categorie necunoscută. ","")&IF(N(E39)<0,"Scrie suma fără minus. ","")&IF(AND(B39<>"",G39=0),"Data nu e din anul "&An&". ","")&IF(AND(G39<>"",G39>UltimaLuna),"Lună neîncheiată: nu intră încă în cash flow. ","")))
B40: =DATE(2026,3,27) -> 46108 | C40: Alte plăți | D40: Diverse (bancă, curierat) | E40: 1500 | F40: =IF(C40="","",IFERROR(INDEX(TipCat,MATCH(C40,Categorii,0)),"?")) -> Plată | G40: =IF(B40="","",IF(YEAR(B40)=An,MONTH(B40),0)) -> 3 | H40: =IF(AND(B40="",C40="",E40=""),"",TRIM(IF(OR(B40="",C40="",E40=""),"Date incomplete. ","")&IF(F40="?","Categorie necunoscută. ","")&IF(N(E40)<0,"Scrie suma fără minus. ","")&IF(AND(B40<>"",G40=0),"Data nu e din anul "&An&". ","")&IF(AND(G40<>"",G40>UltimaLuna),"Lună neîncheiată: nu intră încă în cash flow. ","")))
B41: =DATE(2026,3,28) -> 46109 | C41: Furnizori (marfă, materiale, servicii) | D41: Plăți furnizori – extras bancă | E41: 14850 | F41: =IF(C41="","",IFERROR(INDEX(TipCat,MATCH(C41,Categorii,0)),"?")) -> Plată | G41: =IF(B41="","",IF(YEAR(B41)=An,MONTH(B41),0)) -> 3 | H41: =IF(AND(B41="",C41="",E41=""),"",TRIM(IF(OR(B41="",C41="",E41=""),"Date incomplete. ","")&IF(F41="?","Categorie necunoscută. ","")&IF(N(E41)<0,"Scrie suma fără minus. ","")&IF(AND(B41<>"",G41=0),"Data nu e din anul "&An&". ","")&IF(AND(G41<>"",G41>UltimaLuna),"Lună neîncheiată: nu intră încă în cash flow. ","")))
B42: =DATE(2026,3,28) -> 46109 | C42: Alte încasări | D42: Dobândă cont / diverse | E42: 500 | F42: =IF(C42="","",IFERROR(INDEX(TipCat,MATCH(C42,Categorii,0)),"?")) -> Încasare | G42: =IF(B42="","",IF(YEAR(B42)=An,MONTH(B42),0)) -> 3 | H42: =IF(AND(B42="",C42="",E42=""),"",TRIM(IF(OR(B42="",C42="",E42=""),"Date incomplete. ","")&IF(F42="?","Categorie necunoscută. ","")&IF(N(E42)<0,"Scrie suma fără minus. ","")&IF(AND(B42<>"",G42=0),"Data nu e din anul "&An&". ","")&IF(AND(G42<>"",G42>UltimaLuna),"Lună neîncheiată: nu intră încă în cash flow. ","")))
B43: =DATE(2026,4,5) -> 46117 | C43: Chirie și utilități | D43: Chirie depozit și utilități | E43: 5800 | F43: =IF(C43="","",IFERROR(INDEX(TipCat,MATCH(C43,Categorii,0)),"?")) -> Plată | G43: =IF(B43="","",IF(YEAR(B43)=An,MONTH(B43),0)) -> 4 | H43: =IF(AND(B43="",C43="",E43=""),"",TRIM(IF(OR(B43="",C43="",E43=""),"Date incomplete. ","")&IF(F43="?","Categorie necunoscută. ","")&IF(N(E43)<0,"Scrie suma fără minus. ","")&IF(AND(B43<>"",G43=0),"Data nu e din anul "&An&". ","")&IF(AND(G43<>"",G43>UltimaLuna),"Lună neîncheiată: nu intră încă în cash flow. ","")))
B44: =DATE(2026,4,8) -> 46120 | C44: Încasări de la clienți | D44: Încasări clienți – extras bancă | E44: 36960 | F44: =IF(C44="","",IFERROR(INDEX(TipCat,MATCH(C44,Categorii,0)),"?")) -> Încasare | G44: =IF(B44="","",IF(YEAR(B44)=An,MONTH(B44),0)) -> 4 | H44: =IF(AND(B44="",C44="",E44=""),"",TRIM(IF(OR(B44="",C44="",E44=""),"Date incomplete. ","")&IF(F44="?","Categorie necunoscută. ","")&IF(N(E44)<0,"Scrie suma fără minus. ","")&IF(AND(B44<>"",G44=0),"Data nu e din anul "&An&". ","")&IF(AND(G44<>"",G44>UltimaLuna),"Lună neîncheiată: nu intră încă în cash flow. ","")))
B45: =DATE(2026,4,10) -> 46122 | C45: Salarii nete | D45: Salarii nete luna anterioară | E45: 16000 | F45: =IF(C45="","",IFERROR(INDEX(TipCat,MATCH(C45,Categorii,0)),"?")) -> Plată | G45: =IF(B45="","",IF(YEAR(B45)=An,MONTH(B45),0)) -> 4 | H45: =IF(AND(B45="",C45="",E45=""),"",TRIM(IF(OR(B45="",C45="",E45=""),"Date incomplete. ","")&IF(F45="?","Categorie necunoscută. ","")&IF(N(E45)<0,"Scrie suma fără minus. ","")&IF(AND(B45<>"",G45=0),"Data nu e din anul "&An&". ","")&IF(AND(G45<>"",G45>UltimaLuna),"Lună neîncheiată: nu intră încă în cash flow. ","")))
B46: =DATE(2026,4,14) -> 46126 | C46: Furnizori (marfă, materiale, servicii) | D46: Plăți furnizori – extras bancă | E46: 22420 | F46: =IF(C46="","",IFERROR(INDEX(TipCat,MATCH(C46,Categorii,0)),"?")) -> Plată | G46: =IF(B46="","",IF(YEAR(B46)=An,MONTH(B46),0)) -> 4 | H46: =IF(AND(B46="",C46="",E46=""),"",TRIM(IF(OR(B46="",C46="",E46=""),"Date incomplete. ","")&IF(F46="?","Categorie necunoscută. ","")&IF(N(E46)<0,"Scrie suma fără minus. ","")&IF(AND(B46<>"",G46=0),"Data nu e din anul "&An&". ","")&IF(AND(G46<>"",G46>UltimaLuna),"Lună neîncheiată: nu intră încă în cash flow. ","")))
B47: =DATE(2026,4,15) -> 46127 | C47: Rate de credit și dobânzi | D47: Rată credit echipamente | E47: 3100 | F47: =IF(C47="","",IFERROR(INDEX(TipCat,MATCH(C47,Categorii,0)),"?")) -> Plată | G47: =IF(B47="","",IF(YEAR(B47)=An,MONTH(B47),0)) -> 4 | H47: =IF(AND(B47="",C47="",E47=""),"",TRIM(IF(OR(B47="",C47="",E47=""),"Date incomplete. ","")&IF(F47="?","Categorie necunoscută. ","")&IF(N(E47)<0,"Scrie suma fără minus. ","")&IF(AND(B47<>"",G47=0),"Data nu e din anul "&An&". ","")&IF(AND(G47<>"",G47>UltimaLuna),"Lună neîncheiată: nu intră încă în cash flow. ","")))
B48: =DATE(2026,4,17) -> 46129 | C48: Încasări de la clienți | D48: Încasări clienți – extras bancă | E48: 32340 | F48: =IF(C48="","",IFERROR(INDEX(TipCat,MATCH(C48,Categorii,0)),"?")) -> Încasare | G48: =IF(B48="","",IF(YEAR(B48)=An,MONTH(B48),0)) -> 4 | H48: =IF(AND(B48="",C48="",E48=""),"",TRIM(IF(OR(B48="",C48="",E48=""),"Date incomplete. ","")&IF(F48="?","Categorie necunoscută. ","")&IF(N(E48)<0,"Scrie suma fără minus. ","")&IF(AND(B48<>"",G48=0),"Data nu e din anul "&An&". ","")&IF(AND(G48<>"",G48>UltimaLuna),"Lună neîncheiată: nu intră încă în cash flow. ","")))
B49: =DATE(2026,4,25) -> 46137 | C49: TVA de plată | D49: TVA de plată (D300) | E49: 5200 | F49: =IF(C49="","",IFERROR(INDEX(TipCat,MATCH(C49,Categorii,0)),"?")) -> Plată | G49: =IF(B49="","",IF(YEAR(B49)=An,MONTH(B49),0)) -> 4 | H49: =IF(AND(B49="",C49="",E49=""),"",TRIM(IF(OR(B49="",C49="",E49=""),"Date incomplete. ","")&IF(F49="?","Categorie necunoscută. ","")&IF(N(E49)<0,"Scrie suma fără minus. ","")&IF(AND(B49<>"",G49=0),"Data nu e din anul "&An&". ","")&IF(AND(G49<>"",G49>UltimaLuna),"Lună neîncheiată: nu intră încă în cash flow. ","")))
B50: =DATE(2026,4,25) -> 46137 | C50: Impozit pe profit / venit | D50: Impozit trimestrial | E50: 2600 | F50: =IF(C50="","",IFERROR(INDEX(TipCat,MATCH(C50,Categorii,0)),"?")) -> Plată | G50: =IF(B50="","",IF(YEAR(B50)=An,MONTH(B50),0)) -> 4 | H50: =IF(AND(B50="",C50="",E50=""),"",TRIM(IF(OR(B50="",C50="",E50=""),"Date incomplete. ","")&IF(F50="?","Categorie necunoscută. ","")&IF(N(E50)<0,"Scrie suma fără minus. ","")&IF(AND(B50<>"",G50=0),"Data nu e din anul "&An&". ","")&IF(AND(G50<>"",G50>UltimaLuna),"Lună neîncheiată: nu intră încă în cash flow. ","")))
B51: =DATE(2026,4,25) -> 46137 | C51: Contribuții și impozit pe salarii | D51: D112 – contribuții și impozit | E51: 10500 | F51: =IF(C51="","",IFERROR(INDEX(TipCat,MATCH(C51,Categorii,0)),"?")) -> Plată | G51: =IF(B51="","",IF(YEAR(B51)=An,MONTH(B51),0)) -> 4 | H51: =IF(AND(B51="",C51="",E51=""),"",TRIM(IF(OR(B51="",C51="",E51=""),"Date incomplete. ","")&IF(F51="?","Categorie necunoscută. ","")&IF(N(E51)<0,"Scrie suma fără minus. ","")&IF(AND(B51<>"",G51=0),"Data nu e din anul "&An&". ","")&IF(AND(G51<>"",G51>UltimaLuna),"Lună neîncheiată: nu intră încă în cash flow. ","")))
B52: =DATE(2026,4,26) -> 46138 | C52: Încasări de la clienți | D52: Încasări clienți – extras bancă | E52: 23100 | F52: =IF(C52="","",IFERROR(INDEX(TipCat,MATCH(C52,Categorii,0)),"?")) -> Încasare | G52: =IF(B52="","",IF(YEAR(B52)=An,MONTH(B52),0)) -> 4 | H52: =IF(AND(B52="",C52="",E52=""),"",TRIM(IF(OR(B52="",C52="",E52=""),"Date incomplete. ","")&IF(F52="?","Categorie necunoscută. ","")&IF(N(E52)<0,"Scrie suma fără minus. ","")&IF(AND(B52<>"",G52=0),"Data nu e din anul "&An&". ","")&IF(AND(G52<>"",G52>UltimaLuna),"Lună neîncheiată: nu intră încă în cash flow. ","")))
B53: =DATE(2026,4,27) -> 46139 | C53: Alte plăți | D53: Diverse (bancă, curierat) | E53: 1500 | F53: =IF(C53="","",IFERROR(INDEX(TipCat,MATCH(C53,Categorii,0)),"?")) -> Plată | G53: =IF(B53="","",IF(YEAR(B53)=An,MONTH(B53),0)) -> 4 | H53: =IF(AND(B53="",C53="",E53=""),"",TRIM(IF(OR(B53="",C53="",E53=""),"Date incomplete. ","")&IF(F53="?","Categorie necunoscută. ","")&IF(N(E53)<0,"Scrie suma fără minus. ","")&IF(AND(B53<>"",G53=0),"Data nu e din anul "&An&". ","")&IF(AND(G53<>"",G53>UltimaLuna),"Lună neîncheiată: nu intră încă în cash flow. ","")))
B54: =DATE(2026,4,28) -> 46140 | C54: Furnizori (marfă, materiale, servicii) | D54: Plăți furnizori – extras bancă | E54: 14950 | F54: =IF(C54="","",IFERROR(INDEX(TipCat,MATCH(C54,Categorii,0)),"?")) -> Plată | G54: =IF(B54="","",IF(YEAR(B54)=An,MONTH(B54),0)) -> 4 | H54: =IF(AND(B54="",C54="",E54=""),"",TRIM(IF(OR(B54="",C54="",E54=""),"Date incomplete. ","")&IF(F54="?","Categorie necunoscută. ","")&IF(N(E54)<0,"Scrie suma fără minus. ","")&IF(AND(B54<>"",G54=0),"Data nu e din anul "&An&". ","")&IF(AND(G54<>"",G54>UltimaLuna),"Lună neîncheiată: nu intră încă în cash flow. ","")))
B55: =DATE(2026,4,28) -> 46140 | C55: Alte încasări | D55: Dobândă cont / diverse | E55: 500 | F55: =IF(C55="","",IFERROR(INDEX(TipCat,MATCH(C55,Categorii,0)),"?")) -> Încasare | G55: =IF(B55="","",IF(YEAR(B55)=An,MONTH(B55),0)) -> 4 | H55: =IF(AND(B55="",C55="",E55=""),"",TRIM(IF(OR(B55="",C55="",E55=""),"Date incomplete. ","")&IF(F55="?","Categorie necunoscută. ","")&IF(N(E55)<0,"Scrie suma fără minus. ","")&IF(AND(B55<>"",G55=0),"Data nu e din anul "&An&". ","")&IF(AND(G55<>"",G55>UltimaLuna),"Lună neîncheiată: nu intră încă în cash flow. ","")))
B56: =DATE(2026,5,5) -> 46147 | C56: Chirie și utilități | D56: Chirie depozit și utilități | E56: 5680 | F56: =IF(C56="","",IFERROR(INDEX(TipCat,MATCH(C56,Categorii,0)),"?")) -> Plată | G56: =IF(B56="","",IF(YEAR(B56)=An,MONTH(B56),0)) -> 5 | H56: =IF(AND(B56="",C56="",E56=""),"",TRIM(IF(OR(B56="",C56="",E56=""),"Date incomplete. ","")&IF(F56="?","Categorie necunoscută. ","")&IF(N(E56)<0,"Scrie suma fără minus. ","")&IF(AND(B56<>"",G56=0),"Data nu e din anul "&An&". ","")&IF(AND(G56<>"",G56>UltimaLuna),"Lună neîncheiată: nu intră încă în cash flow. ","")))
B57: =DATE(2026,5,8) -> 46150 | C57: Încasări de la clienți | D57: Încasări clienți – extras bancă | E57: 36060 | F57: =IF(C57="","",IFERROR(INDEX(TipCat,MATCH(C57,Categorii,0)),"?")) -> Încasare | G57: =IF(B57="","",IF(YEAR(B57)=An,MONTH(B57),0)) -> 5 | H57: =IF(AND(B57="",C57="",E57=""),"",TRIM(IF(OR(B57="",C57="",E57=""),"Date incomplete. ","")&IF(F57="?","Categorie necunoscută. ","")&IF(N(E57)<0,"Scrie suma fără minus. ","")&IF(AND(B57<>"",G57=0),"Data nu e din anul "&An&". ","")&IF(AND(G57<>"",G57>UltimaLuna),"Lună neîncheiată: nu intră încă în cash flow. ","")))
B58: =DATE(2026,5,10) -> 46152 | C58: Salarii nete | D58: Salarii nete luna anterioară | E58: 16000 | F58: =IF(C58="","",IFERROR(INDEX(TipCat,MATCH(C58,Categorii,0)),"?")) -> Plată | G58: =IF(B58="","",IF(YEAR(B58)=An,MONTH(B58),0)) -> 5 | H58: =IF(AND(B58="",C58="",E58=""),"",TRIM(IF(OR(B58="",C58="",E58=""),"Date incomplete. ","")&IF(F58="?","Categorie necunoscută. ","")&IF(N(E58)<0,"Scrie suma fără minus. ","")&IF(AND(B58<>"",G58=0),"Data nu e din anul "&An&". ","")&IF(AND(G58<>"",G58>UltimaLuna),"Lună neîncheiată: nu intră încă în cash flow. ","")))
B59: =DATE(2026,5,14) -> 46156 | C59: Furnizori (marfă, materiale, servicii) | D59: Plăți furnizori – extras bancă | E59: 22930 | F59: =IF(C59="","",IFERROR(INDEX(TipCat,MATCH(C59,Categorii,0)),"?")) -> Plată | G59: =IF(B59="","",IF(YEAR(B59)=An,MONTH(B59),0)) -> 5 | H59: =IF(AND(B59="",C59="",E59=""),"",TRIM(IF(OR(B59="",C59="",E59=""),"Date incomplete. ","")&IF(F59="?","Categorie necunoscută. ","")&IF(N(E59)<0,"Scrie suma fără minus. ","")&IF(AND(B59<>"",G59=0),"Data nu e din anul "&An&". ","")&IF(AND(G59<>"",G59>UltimaLuna),"Lună neîncheiată: nu intră încă în cash flow. ","")))
B60: =DATE(2026,5,15) -> 46157 | C60: Rate de credit și dobânzi | D60: Rată credit echipamente | E60: 3100 | F60: =IF(C60="","",IFERROR(INDEX(TipCat,MATCH(C60,Categorii,0)),"?")) -> Plată | G60: =IF(B60="","",IF(YEAR(B60)=An,MONTH(B60),0)) -> 5 | H60: =IF(AND(B60="",C60="",E60=""),"",TRIM(IF(OR(B60="",C60="",E60=""),"Date incomplete. ","")&IF(F60="?","Categorie necunoscută. ","")&IF(N(E60)<0,"Scrie suma fără minus. ","")&IF(AND(B60<>"",G60=0),"Data nu e din anul "&An&". ","")&IF(AND(G60<>"",G60>UltimaLuna),"Lună neîncheiată: nu intră încă în cash flow. ","")))
B61: =DATE(2026,5,17) -> 46159 | C61: Încasări de la clienți | D61: Încasări clienți – extras bancă | E61: 31560 | F61: =IF(C61="","",IFERROR(INDEX(TipCat,MATCH(C61,Categorii,0)),"?")) -> Încasare | G61: =IF(B61="","",IF(YEAR(B61)=An,MONTH(B61),0)) -> 5 | H61: =IF(AND(B61="",C61="",E61=""),"",TRIM(IF(OR(B61="",C61="",E61=""),"Date incomplete. ","")&IF(F61="?","Categorie necunoscută. ","")&IF(N(E61)<0,"Scrie suma fără minus. ","")&IF(AND(B61<>"",G61=0),"Data nu e din anul "&An&". ","")&IF(AND(G61<>"",G61>UltimaLuna),"Lună neîncheiată: nu intră încă în cash flow. ","")))
B62: =DATE(2026,5,25) -> 46167 | C62: TVA de plată | D62: TVA de plată (D300) | E62: 5200 | F62: =IF(C62="","",IFERROR(INDEX(TipCat,MATCH(C62,Categorii,0)),"?")) -> Plată | G62: =IF(B62="","",IF(YEAR(B62)=An,MONTH(B62),0)) -> 5 | H62: =IF(AND(B62="",C62="",E62=""),"",TRIM(IF(OR(B62="",C62="",E62=""),"Date incomplete. ","")&IF(F62="?","Categorie necunoscută. ","")&IF(N(E62)<0,"Scrie suma fără minus. ","")&IF(AND(B62<>"",G62=0),"Data nu e din anul "&An&". ","")&IF(AND(G62<>"",G62>UltimaLuna),"Lună neîncheiată: nu intră încă în cash flow. ","")))
B63: =DATE(2026,5,25) -> 46167 | C63: Contribuții și impozit pe salarii | D63: D112 – contribuții și impozit | E63: 10500 | F63: =IF(C63="","",IFERROR(INDEX(TipCat,MATCH(C63,Categorii,0)),"?")) -> Plată | G63: =IF(B63="","",IF(YEAR(B63)=An,MONTH(B63),0)) -> 5 | H63: =IF(AND(B63="",C63="",E63=""),"",TRIM(IF(OR(B63="",C63="",E63=""),"Date incomplete. ","")&IF(F63="?","Categorie necunoscută. ","")&IF(N(E63)<0,"Scrie suma fără minus. ","")&IF(AND(B63<>"",G63=0),"Data nu e din anul "&An&". ","")&IF(AND(G63<>"",G63>UltimaLuna),"Lună neîncheiată: nu intră încă în cash flow. ","")))
B64: =DATE(2026,5,26) -> 46168 | C64: Încasări de la clienți | D64: Încasări clienți – extras bancă | E64: 22540 | F64: =IF(C64="","",IFERROR(INDEX(TipCat,MATCH(C64,Categorii,0)),"?")) -> Încasare | G64: =IF(B64="","",IF(YEAR(B64)=An,MONTH(B64),0)) -> 5 | H64: =IF(AND(B64="",C64="",E64=""),"",TRIM(IF(OR(B64="",C64="",E64=""),"Date incomplete. ","")&IF(F64="?","Categorie necunoscută. ","")&IF(N(E64)<0,"Scrie suma fără minus. ","")&IF(AND(B64<>"",G64=0),"Data nu e din anul "&An&". ","")&IF(AND(G64<>"",G64>UltimaLuna),"Lună neîncheiată: nu intră încă în cash flow. ","")))
B65: =DATE(2026,5,27) -> 46169 | C65: Alte plăți | D65: Diverse (bancă, curierat) | E65: 1500 | F65: =IF(C65="","",IFERROR(INDEX(TipCat,MATCH(C65,Categorii,0)),"?")) -> Plată | G65: =IF(B65="","",IF(YEAR(B65)=An,MONTH(B65),0)) -> 5 | H65: =IF(AND(B65="",C65="",E65=""),"",TRIM(IF(OR(B65="",C65="",E65=""),"Date incomplete. ","")&IF(F65="?","Categorie necunoscută. ","")&IF(N(E65)<0,"Scrie suma fără minus. ","")&IF(AND(B65<>"",G65=0),"Data nu e din anul "&An&". ","")&IF(AND(G65<>"",G65>UltimaLuna),"Lună neîncheiată: nu intră încă în cash flow. ","")))
B66: =DATE(2026,5,28) -> 46170 | C66: Alte încasări | D66: Dobândă cont / diverse | E66: 500 | F66: =IF(C66="","",IFERROR(INDEX(TipCat,MATCH(C66,Categorii,0)),"?")) -> Încasare | G66: =IF(B66="","",IF(YEAR(B66)=An,MONTH(B66),0)) -> 5 | H66: =IF(AND(B66="",C66="",E66=""),"",TRIM(IF(OR(B66="",C66="",E66=""),"Date incomplete. ","")&IF(F66="?","Categorie necunoscută. ","")&IF(N(E66)<0,"Scrie suma fără minus. ","")&IF(AND(B66<>"",G66=0),"Data nu e din anul "&An&". ","")&IF(AND(G66<>"",G66>UltimaLuna),"Lună neîncheiată: nu intră încă în cash flow. ","")))
B67: =DATE(2026,5,28) -> 46170 | C67: Furnizori (marfă, materiale, servicii) | D67: Plăți furnizori – extras bancă | E67: 15280 | F67: =IF(C67="","",IFERROR(INDEX(TipCat,MATCH(C67,Categorii,0)),"?")) -> Plată | G67: =IF(B67="","",IF(YEAR(B67)=An,MONTH(B67),0)) -> 5 | H67: =IF(AND(B67="",C67="",E67=""),"",TRIM(IF(OR(B67="",C67="",E67=""),"Date incomplete. ","")&IF(F67="?","Categorie necunoscută. ","")&IF(N(E67)<0,"Scrie suma fără minus. ","")&IF(AND(B67<>"",G67=0),"Data nu e din anul "&An&". ","")&IF(AND(G67<>"",G67>UltimaLuna),"Lună neîncheiată: nu intră încă în cash flow. ","")))
B68: =DATE(2026,6,5) -> 46178 | C68: Chirie și utilități | D68: Chirie depozit și utilități | E68: 5890 | F68: =IF(C68="","",IFERROR(INDEX(TipCat,MATCH(C68,Categorii,0)),"?")) -> Plată | G68: =IF(B68="","",IF(YEAR(B68)=An,MONTH(B68),0)) -> 6 | H68: =IF(AND(B68="",C68="",E68=""),"",TRIM(IF(OR(B68="",C68="",E68=""),"Date incomplete. ","")&IF(F68="?","Categorie necunoscută. ","")&IF(N(E68)<0,"Scrie suma fără minus. ","")&IF(AND(B68<>"",G68=0),"Data nu e din anul "&An&". ","")&IF(AND(G68<>"",G68>UltimaLuna),"Lună neîncheiată: nu intră încă în cash flow. ","")))
B69: =DATE(2026,6,8) -> 46181 | C69: Încasări de la clienți | D69: Încasări clienți – extras bancă | E69: 34580 | F69: =IF(C69="","",IFERROR(INDEX(TipCat,MATCH(C69,Categorii,0)),"?")) -> Încasare | G69: =IF(B69="","",IF(YEAR(B69)=An,MONTH(B69),0)) -> 6 | H69: =IF(AND(B69="",C69="",E69=""),"",TRIM(IF(OR(B69="",C69="",E69=""),"Date incomplete. ","")&IF(F69="?","Categorie necunoscută. ","")&IF(N(E69)<0,"Scrie suma fără minus. ","")&IF(AND(B69<>"",G69=0),"Data nu e din anul "&An&". ","")&IF(AND(G69<>"",G69>UltimaLuna),"Lună neîncheiată: nu intră încă în cash flow. ","")))
B70: =DATE(2026,6,10) -> 46183 | C70: Salarii nete | D70: Salarii nete luna anterioară | E70: 16000 | F70: =IF(C70="","",IFERROR(INDEX(TipCat,MATCH(C70,Categorii,0)),"?")) -> Plată | G70: =IF(B70="","",IF(YEAR(B70)=An,MONTH(B70),0)) -> 6 | H70: =IF(AND(B70="",C70="",E70=""),"",TRIM(IF(OR(B70="",C70="",E70=""),"Date incomplete. ","")&IF(F70="?","Categorie necunoscută. ","")&IF(N(E70)<0,"Scrie suma fără minus. ","")&IF(AND(B70<>"",G70=0),"Data nu e din anul "&An&". ","")&IF(AND(G70<>"",G70>UltimaLuna),"Lună neîncheiată: nu intră încă în cash flow. ","")))
B71: =DATE(2026,6,12) -> 46185 | C71: Avansuri de la clienți | D71: Avans comandă client | E71: 15000 | F71: =IF(C71="","",IFERROR(INDEX(TipCat,MATCH(C71,Categorii,0)),"?")) -> Încasare | G71: =IF(B71="","",IF(YEAR(B71)=An,MONTH(B71),0)) -> 6 | H71: =IF(AND(B71="",C71="",E71=""),"",TRIM(IF(OR(B71="",C71="",E71=""),"Date incomplete. ","")&IF(F71="?","Categorie necunoscută. ","")&IF(N(E71)<0,"Scrie suma fără minus. ","")&IF(AND(B71<>"",G71=0),"Data nu e din anul "&An&". ","")&IF(AND(G71<>"",G71>UltimaLuna),"Lună neîncheiată: nu intră încă în cash flow. ","")))
B72: =DATE(2026,6,14) -> 46187 | C72: Furnizori (marfă, materiale, servicii) | D72: Plăți furnizori – extras bancă | E72: 24420 | F72: =IF(C72="","",IFERROR(INDEX(TipCat,MATCH(C72,Categorii,0)),"?")) -> Plată | G72: =IF(B72="","",IF(YEAR(B72)=An,MONTH(B72),0)) -> 6 | H72: =IF(AND(B72="",C72="",E72=""),"",TRIM(IF(OR(B72="",C72="",E72=""),"Date incomplete. ","")&IF(F72="?","Categorie necunoscută. ","")&IF(N(E72)<0,"Scrie suma fără minus. ","")&IF(AND(B72<>"",G72=0),"Data nu e din anul "&An&". ","")&IF(AND(G72<>"",G72>UltimaLuna),"Lună neîncheiată: nu intră încă în cash flow. ","")))
B73: =DATE(2026,6,15) -> 46188 | C73: Rate de credit și dobânzi | D73: Rată credit echipamente | E73: 3100 | F73: =IF(C73="","",IFERROR(INDEX(TipCat,MATCH(C73,Categorii,0)),"?")) -> Plată | G73: =IF(B73="","",IF(YEAR(B73)=An,MONTH(B73),0)) -> 6 | H73: =IF(AND(B73="",C73="",E73=""),"",TRIM(IF(OR(B73="",C73="",E73=""),"Date incomplete. ","")&IF(F73="?","Categorie necunoscută. ","")&IF(N(E73)<0,"Scrie suma fără minus. ","")&IF(AND(B73<>"",G73=0),"Data nu e din anul "&An&". ","")&IF(AND(G73<>"",G73>UltimaLuna),"Lună neîncheiată: nu intră încă în cash flow. ","")))
B74: =DATE(2026,6,17) -> 46190 | C74: Încasări de la clienți | D74: Încasări clienți – extras bancă | E74: 30260 | F74: =IF(C74="","",IFERROR(INDEX(TipCat,MATCH(C74,Categorii,0)),"?")) -> Încasare | G74: =IF(B74="","",IF(YEAR(B74)=An,MONTH(B74),0)) -> 6 | H74: =IF(AND(B74="",C74="",E74=""),"",TRIM(IF(OR(B74="",C74="",E74=""),"Date incomplete. ","")&IF(F74="?","Categorie necunoscută. ","")&IF(N(E74)<0,"Scrie suma fără minus. ","")&IF(AND(B74<>"",G74=0),"Data nu e din anul "&An&". ","")&IF(AND(G74<>"",G74>UltimaLuna),"Lună neîncheiată: nu intră încă în cash flow. ","")))
B75: =DATE(2026,6,18) -> 46191 | C75: Investiții (echipamente, mașini) | D75: Achiziție echipament | E75: 15000 | F75: =IF(C75="","",IFERROR(INDEX(TipCat,MATCH(C75,Categorii,0)),"?")) -> Plată | G75: =IF(B75="","",IF(YEAR(B75)=An,MONTH(B75),0)) -> 6 | H75: =IF(AND(B75="",C75="",E75=""),"",TRIM(IF(OR(B75="",C75="",E75=""),"Date incomplete. ","")&IF(F75="?","Categorie necunoscută. ","")&IF(N(E75)<0,"Scrie suma fără minus. ","")&IF(AND(B75<>"",G75=0),"Data nu e din anul "&An&". ","")&IF(AND(G75<>"",G75>UltimaLuna),"Lună neîncheiată: nu intră încă în cash flow. ","")))
B76: =DATE(2026,6,20) -> 46193 | C76: Dividende | D76: Dividende 2025 | E76: 30000 | F76: =IF(C76="","",IFERROR(INDEX(TipCat,MATCH(C76,Categorii,0)),"?")) -> Plată | G76: =IF(B76="","",IF(YEAR(B76)=An,MONTH(B76),0)) -> 6 | H76: =IF(AND(B76="",C76="",E76=""),"",TRIM(IF(OR(B76="",C76="",E76=""),"Date incomplete. ","")&IF(F76="?","Categorie necunoscută. ","")&IF(N(E76)<0,"Scrie suma fără minus. ","")&IF(AND(B76<>"",G76=0),"Data nu e din anul "&An&". ","")&IF(AND(G76<>"",G76>UltimaLuna),"Lună neîncheiată: nu intră încă în cash flow. ","")))
B77: =DATE(2026,6,25) -> 46198 | C77: TVA de plată | D77: TVA de plată (D300) | E77: 5200 | F77: =IF(C77="","",IFERROR(INDEX(TipCat,MATCH(C77,Categorii,0)),"?")) -> Plată | G77: =IF(B77="","",IF(YEAR(B77)=An,MONTH(B77),0)) -> 6 | H77: =IF(AND(B77="",C77="",E77=""),"",TRIM(IF(OR(B77="",C77="",E77=""),"Date incomplete. ","")&IF(F77="?","Categorie necunoscută. ","")&IF(N(E77)<0,"Scrie suma fără minus. ","")&IF(AND(B77<>"",G77=0),"Data nu e din anul "&An&". ","")&IF(AND(G77<>"",G77>UltimaLuna),"Lună neîncheiată: nu intră încă în cash flow. ","")))
B78: =DATE(2026,6,25) -> 46198 | C78: Contribuții și impozit pe salarii | D78: D112 – contribuții și impozit | E78: 10500 | F78: =IF(C78="","",IFERROR(INDEX(TipCat,MATCH(C78,Categorii,0)),"?")) -> Plată | G78: =IF(B78="","",IF(YEAR(B78)=An,MONTH(B78),0)) -> 6 | H78: =IF(AND(B78="",C78="",E78=""),"",TRIM(IF(OR(B78="",C78="",E78=""),"Date incomplete. ","")&IF(F78="?","Categorie necunoscută. ","")&IF(N(E78)<0,"Scrie suma fără minus. ","")&IF(AND(B78<>"",G78=0),"Data nu e din anul "&An&". ","")&IF(AND(G78<>"",G78>UltimaLuna),"Lună neîncheiată: nu intră încă în cash flow. ","")))
B79: =DATE(2026,6,26) -> 46199 | C79: Încasări de la clienți | D79: Încasări clienți – extras bancă | E79: 21610 | F79: =IF(C79="","",IFERROR(INDEX(TipCat,MATCH(C79,Categorii,0)),"?")) -> Încasare | G79: =IF(B79="","",IF(YEAR(B79)=An,MONTH(B79),0)) -> 6 | H79: =IF(AND(B79="",C79="",E79=""),"",TRIM(IF(OR(B79="",C79="",E79=""),"Date incomplete. ","")&IF(F79="?","Categorie necunoscută. ","")&IF(N(E79)<0,"Scrie suma fără minus. ","")&IF(AND(B79<>"",G79=0),"Data nu e din anul "&An&". ","")&IF(AND(G79<>"",G79>UltimaLuna),"Lună neîncheiată: nu intră încă în cash flow. ","")))
B80: =DATE(2026,6,27) -> 46200 | C80: Alte plăți | D80: Diverse (bancă, curierat) | E80: 1500 | F80: =IF(C80="","",IFERROR(INDEX(TipCat,MATCH(C80,Categorii,0)),"?")) -> Plată | G80: =IF(B80="","",IF(YEAR(B80)=An,MONTH(B80),0)) -> 6 | H80: =IF(AND(B80="",C80="",E80=""),"",TRIM(IF(OR(B80="",C80="",E80=""),"Date incomplete. ","")&IF(F80="?","Categorie necunoscută. ","")&IF(N(E80)<0,"Scrie suma fără minus. ","")&IF(AND(B80<>"",G80=0),"Data nu e din anul "&An&". ","")&IF(AND(G80<>"",G80>UltimaLuna),"Lună neîncheiată: nu intră încă în cash flow. ","")))
B81: =DATE(2026,6,28) -> 46201 | C81: Furnizori (marfă, materiale, servicii) | D81: Plăți furnizori – extras bancă | E81: 16280 | F81: =IF(C81="","",IFERROR(INDEX(TipCat,MATCH(C81,Categorii,0)),"?")) -> Plată | G81: =IF(B81="","",IF(YEAR(B81)=An,MONTH(B81),0)) -> 6 | H81: =IF(AND(B81="",C81="",E81=""),"",TRIM(IF(OR(B81="",C81="",E81=""),"Date incomplete. ","")&IF(F81="?","Categorie necunoscută. ","")&IF(N(E81)<0,"Scrie suma fără minus. ","")&IF(AND(B81<>"",G81=0),"Data nu e din anul "&An&". ","")&IF(AND(G81<>"",G81>UltimaLuna),"Lună neîncheiată: nu intră încă în cash flow. ","")))
B82: =DATE(2026,6,28) -> 46201 | C82: Alte încasări | D82: Dobândă cont / diverse | E82: 500 | F82: =IF(C82="","",IFERROR(INDEX(TipCat,MATCH(C82,Categorii,0)),"?")) -> Încasare | G82: =IF(B82="","",IF(YEAR(B82)=An,MONTH(B82),0)) -> 6 | H82: =IF(AND(B82="",C82="",E82=""),"",TRIM(IF(OR(B82="",C82="",E82=""),"Date incomplete. ","")&IF(F82="?","Categorie necunoscută. ","")&IF(N(E82)<0,"Scrie suma fără minus. ","")&IF(AND(B82<>"",G82=0),"Data nu e din anul "&An&". ","")&IF(AND(G82<>"",G82>UltimaLuna),"Lună neîncheiată: nu intră încă în cash flow. ","")))
B83: =DATE(2026,7,5) -> 46208 | C83: Chirie și utilități | D83: Chirie depozit și utilități | E83: 6020 | F83: =IF(C83="","",IFERROR(INDEX(TipCat,MATCH(C83,Categorii,0)),"?")) -> Plată | G83: =IF(B83="","",IF(YEAR(B83)=An,MONTH(B83),0)) -> 7 | H83: =IF(AND(B83="",C83="",E83=""),"",TRIM(IF(OR(B83="",C83="",E83=""),"Date incomplete. ","")&IF(F83="?","Categorie necunoscută. ","")&IF(N(E83)<0,"Scrie suma fără minus. ","")&IF(AND(B83<>"",G83=0),"Data nu e din anul "&An&". ","")&IF(AND(G83<>"",G83>UltimaLuna),"Lună neîncheiată: nu intră încă în cash flow. ","")))
B84: =DATE(2026,7,8) -> 46211 | C84: Încasări de la clienți | D84: Încasări clienți – extras bancă | E84: 37080 | F84: =IF(C84="","",IFERROR(INDEX(TipCat,MATCH(C84,Categorii,0)),"?")) -> Încasare | G84: =IF(B84="","",IF(YEAR(B84)=An,MONTH(B84),0)) -> 7 | H84: =IF(AND(B84="",C84="",E84=""),"",TRIM(IF(OR(B84="",C84="",E84=""),"Date incomplete. ","")&IF(F84="?","Categorie necunoscută. ","")&IF(N(E84)<0,"Scrie suma fără minus. ","")&IF(AND(B84<>"",G84=0),"Data nu e din anul "&An&". ","")&IF(AND(G84<>"",G84>UltimaLuna),"Lună neîncheiată: nu intră încă în cash flow. ","")))
B85: =DATE(2026,7,10) -> 46213 | C85: Salarii nete | D85: Salarii nete luna anterioară | E85: 16000 | F85: =IF(C85="","",IFERROR(INDEX(TipCat,MATCH(C85,Categorii,0)),"?")) -> Plată | G85: =IF(B85="","",IF(YEAR(B85)=An,MONTH(B85),0)) -> 7 | H85: =IF(AND(B85="",C85="",E85=""),"",TRIM(IF(OR(B85="",C85="",E85=""),"Date incomplete. ","")&IF(F85="?","Categorie necunoscută. ","")&IF(N(E85)<0,"Scrie suma fără minus. ","")&IF(AND(B85<>"",G85=0),"Data nu e din anul "&An&". ","")&IF(AND(G85<>"",G85>UltimaLuna),"Lună neîncheiată: nu intră încă în cash flow. ","")))
B86: =DATE(2026,7,14) -> 46217 | C86: Furnizori (marfă, materiale, servicii) | D86: Plăți furnizori – extras bancă | E86: 22680 | F86: =IF(C86="","",IFERROR(INDEX(TipCat,MATCH(C86,Categorii,0)),"?")) -> Plată | G86: =IF(B86="","",IF(YEAR(B86)=An,MONTH(B86),0)) -> 7 | H86: =IF(AND(B86="",C86="",E86=""),"",TRIM(IF(OR(B86="",C86="",E86=""),"Date incomplete. ","")&IF(F86="?","Categorie necunoscută. ","")&IF(N(E86)<0,"Scrie suma fără minus. ","")&IF(AND(B86<>"",G86=0),"Data nu e din anul "&An&". ","")&IF(AND(G86<>"",G86>UltimaLuna),"Lună neîncheiată: nu intră încă în cash flow. ","")))
B87: =DATE(2026,7,15) -> 46218 | C87: Rate de credit și dobânzi | D87: Rată credit echipamente | E87: 3100 | F87: =IF(C87="","",IFERROR(INDEX(TipCat,MATCH(C87,Categorii,0)),"?")) -> Plată | G87: =IF(B87="","",IF(YEAR(B87)=An,MONTH(B87),0)) -> 7 | H87: =IF(AND(B87="",C87="",E87=""),"",TRIM(IF(OR(B87="",C87="",E87=""),"Date incomplete. ","")&IF(F87="?","Categorie necunoscută. ","")&IF(N(E87)<0,"Scrie suma fără minus. ","")&IF(AND(B87<>"",G87=0),"Data nu e din anul "&An&". ","")&IF(AND(G87<>"",G87>UltimaLuna),"Lună neîncheiată: nu intră încă în cash flow. ","")))
B88: =DATE(2026,7,17) -> 46220 | C88: Încasări de la clienți | D88: Încasări clienți – extras bancă | E88: 32440 | F88: =IF(C88="","",IFERROR(INDEX(TipCat,MATCH(C88,Categorii,0)),"?")) -> Încasare | G88: =IF(B88="","",IF(YEAR(B88)=An,MONTH(B88),0)) -> 7 | H88: =IF(AND(B88="",C88="",E88=""),"",TRIM(IF(OR(B88="",C88="",E88=""),"Date incomplete. ","")&IF(F88="?","Categorie necunoscută. ","")&IF(N(E88)<0,"Scrie suma fără minus. ","")&IF(AND(B88<>"",G88=0),"Data nu e din anul "&An&". ","")&IF(AND(G88<>"",G88>UltimaLuna),"Lună neîncheiată: nu intră încă în cash flow. ","")))
B89: =DATE(2026,7,25) -> 46228 | C89: TVA de plată | D89: TVA de plată (D300) | E89: 5200 | F89: =IF(C89="","",IFERROR(INDEX(TipCat,MATCH(C89,Categorii,0)),"?")) -> Plată | G89: =IF(B89="","",IF(YEAR(B89)=An,MONTH(B89),0)) -> 7 | H89: =IF(AND(B89="",C89="",E89=""),"",TRIM(IF(OR(B89="",C89="",E89=""),"Date incomplete. ","")&IF(F89="?","Categorie necunoscută. ","")&IF(N(E89)<0,"Scrie suma fără minus. ","")&IF(AND(B89<>"",G89=0),"Data nu e din anul "&An&". ","")&IF(AND(G89<>"",G89>UltimaLuna),"Lună neîncheiată: nu intră încă în cash flow. ","")))
B90: =DATE(2026,7,25) -> 46228 | C90: Impozit pe profit / venit | D90: Impozit trimestrial | E90: 2700 | F90: =IF(C90="","",IFERROR(INDEX(TipCat,MATCH(C90,Categorii,0)),"?")) -> Plată | G90: =IF(B90="","",IF(YEAR(B90)=An,MONTH(B90),0)) -> 7 | H90: =IF(AND(B90="",C90="",E90=""),"",TRIM(IF(OR(B90="",C90="",E90=""),"Date incomplete. ","")&IF(F90="?","Categorie necunoscută. ","")&IF(N(E90)<0,"Scrie suma fără minus. ","")&IF(AND(B90<>"",G90=0),"Data nu e din anul "&An&". ","")&IF(AND(G90<>"",G90>UltimaLuna),"Lună neîncheiată: nu intră încă în cash flow. ","")))
B91: =DATE(2026,7,25) -> 46228 | C91: Contribuții și impozit pe salarii | D91: D112 – contribuții și impozit | E91: 10500 | F91: =IF(C91="","",IFERROR(INDEX(TipCat,MATCH(C91,Categorii,0)),"?")) -> Plată | G91: =IF(B91="","",IF(YEAR(B91)=An,MONTH(B91),0)) -> 7 | H91: =IF(AND(B91="",C91="",E91=""),"",TRIM(IF(OR(B91="",C91="",E91=""),"Date incomplete. ","")&IF(F91="?","Categorie necunoscută. ","")&IF(N(E91)<0,"Scrie suma fără minus. ","")&IF(AND(B91<>"",G91=0),"Data nu e din anul "&An&". ","")&IF(AND(G91<>"",G91>UltimaLuna),"Lună neîncheiată: nu intră încă în cash flow. ","")))
B92: =DATE(2026,7,26) -> 46229 | C92: Încasări de la clienți | D92: Încasări clienți – extras bancă | E92: 23180 | F92: =IF(C92="","",IFERROR(INDEX(TipCat,MATCH(C92,Categorii,0)),"?")) -> Încasare | G92: =IF(B92="","",IF(YEAR(B92)=An,MONTH(B92),0)) -> 7 | H92: =IF(AND(B92="",C92="",E92=""),"",TRIM(IF(OR(B92="",C92="",E92=""),"Date incomplete. ","")&IF(F92="?","Categorie necunoscută. ","")&IF(N(E92)<0,"Scrie suma fără minus. ","")&IF(AND(B92<>"",G92=0),"Data nu e din anul "&An&". ","")&IF(AND(G92<>"",G92>UltimaLuna),"Lună neîncheiată: nu intră încă în cash flow. ","")))
B93: =DATE(2026,7,27) -> 46230 | C93: Alte plăți | D93: Diverse (bancă, curierat) | E93: 1500 | F93: =IF(C93="","",IFERROR(INDEX(TipCat,MATCH(C93,Categorii,0)),"?")) -> Plată | G93: =IF(B93="","",IF(YEAR(B93)=An,MONTH(B93),0)) -> 7 | H93: =IF(AND(B93="",C93="",E93=""),"",TRIM(IF(OR(B93="",C93="",E93=""),"Date incomplete. ","")&IF(F93="?","Categorie necunoscută. ","")&IF(N(E93)<0,"Scrie suma fără minus. ","")&IF(AND(B93<>"",G93=0),"Data nu e din anul "&An&". ","")&IF(AND(G93<>"",G93>UltimaLuna),"Lună neîncheiată: nu intră încă în cash flow. ","")))
B94: =DATE(2026,7,28) -> 46231 | C94: Furnizori (marfă, materiale, servicii) | D94: Plăți furnizori – extras bancă | E94: 15120 | F94: =IF(C94="","",IFERROR(INDEX(TipCat,MATCH(C94,Categorii,0)),"?")) -> Plată | G94: =IF(B94="","",IF(YEAR(B94)=An,MONTH(B94),0)) -> 7 | H94: =IF(AND(B94="",C94="",E94=""),"",TRIM(IF(OR(B94="",C94="",E94=""),"Date incomplete. ","")&IF(F94="?","Categorie necunoscută. ","")&IF(N(E94)<0,"Scrie suma fără minus. ","")&IF(AND(B94<>"",G94=0),"Data nu e din anul "&An&". ","")&IF(AND(G94<>"",G94>UltimaLuna),"Lună neîncheiată: nu intră încă în cash flow. ","")))
B95: =DATE(2026,7,28) -> 46231 | C95: Alte încasări | D95: Dobândă cont / diverse | E95: 500 | F95: =IF(C95="","",IFERROR(INDEX(TipCat,MATCH(C95,Categorii,0)),"?")) -> Încasare | G95: =IF(B95="","",IF(YEAR(B95)=An,MONTH(B95),0)) -> 7 | H95: =IF(AND(B95="",C95="",E95=""),"",TRIM(IF(OR(B95="",C95="",E95=""),"Date incomplete. ","")&IF(F95="?","Categorie necunoscută. ","")&IF(N(E95)<0,"Scrie suma fără minus. ","")&IF(AND(B95<>"",G95=0),"Data nu e din anul "&An&". ","")&IF(AND(G95<>"",G95>UltimaLuna),"Lună neîncheiată: nu intră încă în cash flow. ","")))
B96: =DATE(2026,8,5) -> 46239 | C96: Chirie și utilități | D96: Chirie depozit și utilități | E96: 6060 | F96: =IF(C96="","",IFERROR(INDEX(TipCat,MATCH(C96,Categorii,0)),"?")) -> Plată | G96: =IF(B96="","",IF(YEAR(B96)=An,MONTH(B96),0)) -> 8 | H96: =IF(AND(B96="",C96="",E96=""),"",TRIM(IF(OR(B96="",C96="",E96=""),"Date incomplete. ","")&IF(F96="?","Categorie necunoscută. ","")&IF(N(E96)<0,"Scrie suma fără minus. ","")&IF(AND(B96<>"",G96=0),"Data nu e din anul "&An&". ","")&IF(AND(G96<>"",G96>UltimaLuna),"Lună neîncheiată: nu intră încă în cash flow. ","")))
B97: =DATE(2026,8,8) -> 46242 | C97: Încasări de la clienți | D97: Încasări clienți – extras bancă | E97: 22960 | F97: =IF(C97="","",IFERROR(INDEX(TipCat,MATCH(C97,Categorii,0)),"?")) -> Încasare | G97: =IF(B97="","",IF(YEAR(B97)=An,MONTH(B97),0)) -> 8 | H97: =IF(AND(B97="",C97="",E97=""),"",TRIM(IF(OR(B97="",C97="",E97=""),"Date incomplete. ","")&IF(F97="?","Categorie necunoscută. ","")&IF(N(E97)<0,"Scrie suma fără minus. ","")&IF(AND(B97<>"",G97=0),"Data nu e din anul "&An&". ","")&IF(AND(G97<>"",G97>UltimaLuna),"Lună neîncheiată: nu intră încă în cash flow. ","")))
B98: =DATE(2026,8,10) -> 46244 | C98: Salarii nete | D98: Salarii nete luna anterioară | E98: 16000 | F98: =IF(C98="","",IFERROR(INDEX(TipCat,MATCH(C98,Categorii,0)),"?")) -> Plată | G98: =IF(B98="","",IF(YEAR(B98)=An,MONTH(B98),0)) -> 8 | H98: =IF(AND(B98="",C98="",E98=""),"",TRIM(IF(OR(B98="",C98="",E98=""),"Date incomplete. ","")&IF(F98="?","Categorie necunoscută. ","")&IF(N(E98)<0,"Scrie suma fără minus. ","")&IF(AND(B98<>"",G98=0),"Data nu e din anul "&An&". ","")&IF(AND(G98<>"",G98>UltimaLuna),"Lună neîncheiată: nu intră încă în cash flow. ","")))
B99: =DATE(2026,8,14) -> 46248 | C99: Furnizori (marfă, materiale, servicii) | D99: Plăți furnizori – extras bancă | E99: 17110 | F99: =IF(C99="","",IFERROR(INDEX(TipCat,MATCH(C99,Categorii,0)),"?")) -> Plată | G99: =IF(B99="","",IF(YEAR(B99)=An,MONTH(B99),0)) -> 8 | H99: =IF(AND(B99="",C99="",E99=""),"",TRIM(IF(OR(B99="",C99="",E99=""),"Date incomplete. ","")&IF(F99="?","Categorie necunoscută. ","")&IF(N(E99)<0,"Scrie suma fără minus. ","")&IF(AND(B99<>"",G99=0),"Data nu e din anul "&An&". ","")&IF(AND(G99<>"",G99>UltimaLuna),"Lună neîncheiată: nu intră încă în cash flow. ","")))
B100: =DATE(2026,8,15) -> 46249 | C100: Rate de credit și dobânzi | D100: Rată credit echipamente | E100: 3100 | F100: =IF(C100="","",IFERROR(INDEX(TipCat,MATCH(C100,Categorii,0)),"?")) -> Plată | G100: =IF(B100="","",IF(YEAR(B100)=An,MONTH(B100),0)) -> 8 | H100: =IF(AND(B100="",C100="",E100=""),"",TRIM(IF(OR(B100="",C100="",E100=""),"Date incomplete. ","")&IF(F100="?","Categorie necunoscută. ","")&IF(N(E100)<0,"Scrie suma fără minus. ","")&IF(AND(B100<>"",G100=0),"Data nu e din anul "&An&". ","")&IF(AND(G100<>"",G100>UltimaLuna),"Lună neîncheiată: nu intră încă în cash flow. ","")))
B101: =DATE(2026,8,17) -> 46251 | C101: Încasări de la clienți | D101: Încasări clienți – extras bancă | E101: 20090 | F101: =IF(C101="","",IFERROR(INDEX(TipCat,MATCH(C101,Categorii,0)),"?")) -> Încasare | G101: =IF(B101="","",IF(YEAR(B101)=An,MONTH(B101),0)) -> 8 | H101: =IF(AND(B101="",C101="",E101=""),"",TRIM(IF(OR(B101="",C101="",E101=""),"Date incomplete. ","")&IF(F101="?","Categorie necunoscută. ","")&IF(N(E101)<0,"Scrie suma fără minus. ","")&IF(AND(B101<>"",G101=0),"Data nu e din anul "&An&". ","")&IF(AND(G101<>"",G101>UltimaLuna),"Lună neîncheiată: nu intră încă în cash flow. ","")))
...

Sheet Realizat lunar
B1: Încasări și plăți realizate, pe luni
B2: Se calculează automat din foaia „Încasări și plăți”.
B4: Categorie | C4: Ian | D4: Feb | E4: Mar | F4: Apr | G4: Mai | H4: Iun | I4: Iul | J4: Aug | K4: Sep | L4: Oct | M4: Nov | N4: Dec | O4: Total an
B5: ÎNCASĂRI
B6: =Setări!$E$5 -> Încasări de la clienți | C6: =SUMIFS('Încasări și plăți'!$E$5:$E$804,'Încasări și plăți'!$C$5:$C$804,$B6,'Încasări și plăți'!$G$5:$G$804,COLUMN()-2) -> 74880 | D6: =SUMIFS('Încasări și plăți'!$E$5:$E$804,'Încasări și plăți'!$C$5:$C$804,$B6,'Încasări și plăți'!$G$5:$G$804,COLUMN()-2) -> 75480 | E6: =SUMIFS('Încasări și plăți'!$E$5:$E$804,'Încasări și plăți'!$C$5:$C$804,$B6,'Încasări și plăți'!$G$5:$G$804,COLUMN()-2) -> 79050 | F6: =SUMIFS('Încasări și plăți'!$E$5:$E$804,'Încasări și plăți'!$C$5:$C$804,$B6,'Încasări și plăți'!$G$5:$G$804,COLUMN()-2) -> 92400 | G6: =SUMIFS('Încasări și plăți'!$E$5:$E$804,'Încasări și plăți'!$C$5:$C$804,$B6,'Încasări și plăți'!$G$5:$G$804,COLUMN()-2) -> 90160 | H6: =SUMIFS('Încasări și plăți'!$E$5:$E$804,'Încasări și plăți'!$C$5:$C$804,$B6,'Încasări și plăți'!$G$5:$G$804,COLUMN()-2) -> 86450 | I6: =SUMIFS('Încasări și plăți'!$E$5:$E$804,'Încasări și plăți'!$C$5:$C$804,$B6,'Încasări și plăți'!$G$5:$G$804,COLUMN()-2) -> 92700 | J6: =SUMIFS('Încasări și plăți'!$E$5:$E$804,'Încasări și plăți'!$C$5:$C$804,$B6,'Încasări și plăți'!$G$5:$G$804,COLUMN()-2) -> 57400 | ... N6: =SUMIFS('Încasări și plăți'!$E$5:$E$804,'Încasări și plăți'!$C$5:$C$804,$B6,'Încasări și plăți'!$G$5:$G$804,COLUMN()-2) -> 0 | O6: =SUM(C6:N6) -> 738760
B7: =Setări!$E$6 -> Avansuri de la clienți | C7: =SUMIFS('Încasări și plăți'!$E$5:$E$804,'Încasări și plăți'!$C$5:$C$804,$B7,'Încasări și plăți'!$G$5:$G$804,COLUMN()-2) -> 0 | D7: =SUMIFS('Încasări și plăți'!$E$5:$E$804,'Încasări și plăți'!$C$5:$C$804,$B7,'Încasări și plăți'!$G$5:$G$804,COLUMN()-2) -> 0 | E7: =SUMIFS('Încasări și plăți'!$E$5:$E$804,'Încasări și plăți'!$C$5:$C$804,$B7,'Încasări și plăți'!$G$5:$G$804,COLUMN()-2) -> 10000 | F7: =SUMIFS('Încasări și plăți'!$E$5:$E$804,'Încasări și plăți'!$C$5:$C$804,$B7,'Încasări și plăți'!$G$5:$G$804,COLUMN()-2) -> 0 | G7: =SUMIFS('Încasări și plăți'!$E$5:$E$804,'Încasări și plăți'!$C$5:$C$804,$B7,'Încasări și plăți'!$G$5:$G$804,COLUMN()-2) -> 0 | H7: =SUMIFS('Încasări și plăți'!$E$5:$E$804,'Încasări și plăți'!$C$5:$C$804,$B7,'Încasări și plăți'!$G$5:$G$804,COLUMN()-2) -> 15000 | I7: =SUMIFS('Încasări și plăți'!$E$5:$E$804,'Încasări și plăți'!$C$5:$C$804,$B7,'Încasări și plăți'!$G$5:$G$804,COLUMN()-2) -> 0 | J7: =SUMIFS('Încasări și plăți'!$E$5:$E$804,'Încasări și plăți'!$C$5:$C$804,$B7,'Încasări și plăți'!$G$5:$G$804,COLUMN()-2) -> 0 | ... N7: =SUMIFS('Încasări și plăți'!$E$5:$E$804,'Încasări și plăți'!$C$5:$C$804,$B7,'Încasări și plăți'!$G$5:$G$804,COLUMN()-2) -> 0 | O7: =SUM(C7:N7) -> 25000
B8: =Setări!$E$7 -> Credite și împrumuturi primite | C8: =SUMIFS('Încasări și plăți'!$E$5:$E$804,'Încasări și plăți'!$C$5:$C$804,$B8,'Încasări și plăți'!$G$5:$G$804,COLUMN()-2) -> 0 | D8: =SUMIFS('Încasări și plăți'!$E$5:$E$804,'Încasări și plăți'!$C$5:$C$804,$B8,'Încasări și plăți'!$G$5:$G$804,COLUMN()-2) -> 0 | E8: =SUMIFS('Încasări și plăți'!$E$5:$E$804,'Încasări și plăți'!$C$5:$C$804,$B8,'Încasări și plăți'!$G$5:$G$804,COLUMN()-2) -> 0 | F8: =SUMIFS('Încasări și plăți'!$E$5:$E$804,'Încasări și plăți'!$C$5:$C$804,$B8,'Încasări și plăți'!$G$5:$G$804,COLUMN()-2) -> 0 | G8: =SUMIFS('Încasări și plăți'!$E$5:$E$804,'Încasări și plăți'!$C$5:$C$804,$B8,'Încasări și plăți'!$G$5:$G$804,COLUMN()-2) -> 0 | H8: =SUMIFS('Încasări și plăți'!$E$5:$E$804,'Încasări și plăți'!$C$5:$C$804,$B8,'Încasări și plăți'!$G$5:$G$804,COLUMN()-2) -> 0 | I8: =SUMIFS('Încasări și plăți'!$E$5:$E$804,'Încasări și plăți'!$C$5:$C$804,$B8,'Încasări și plăți'!$G$5:$G$804,COLUMN()-2) -> 0 | J8: =SUMIFS('Încasări și plăți'!$E$5:$E$804,'Încasări și plăți'!$C$5:$C$804,$B8,'Încasări și plăți'!$G$5:$G$804,COLUMN()-2) -> 0 | ... N8: =SUMIFS('Încasări și plăți'!$E$5:$E$804,'Încasări și plăți'!$C$5:$C$804,$B8,'Încasări și plăți'!$G$5:$G$804,COLUMN()-2) -> 0 | O8: =SUM(C8:N8) -> 0
B9: =Setări!$E$8 -> Aport al asociaților | C9: =SUMIFS('Încasări și plăți'!$E$5:$E$804,'Încasări și plăți'!$C$5:$C$804,$B9,'Încasări și plăți'!$G$5:$G$804,COLUMN()-2) -> 0 | D9: =SUMIFS('Încasări și plăți'!$E$5:$E$804,'Încasări și plăți'!$C$5:$C$804,$B9,'Încasări și plăți'!$G$5:$G$804,COLUMN()-2) -> 0 | E9: =SUMIFS('Încasări și plăți'!$E$5:$E$804,'Încasări și plăți'!$C$5:$C$804,$B9,'Încasări și plăți'!$G$5:$G$804,COLUMN()-2) -> 0 | F9: =SUMIFS('Încasări și plăți'!$E$5:$E$804,'Încasări și plăți'!$C$5:$C$804,$B9,'Încasări și plăți'!$G$5:$G$804,COLUMN()-2) -> 0 | G9: =SUMIFS('Încasări și plăți'!$E$5:$E$804,'Încasări și plăți'!$C$5:$C$804,$B9,'Încasări și plăți'!$G$5:$G$804,COLUMN()-2) -> 0 | H9: =SUMIFS('Încasări și plăți'!$E$5:$E$804,'Încasări și plăți'!$C$5:$C$804,$B9,'Încasări și plăți'!$G$5:$G$804,COLUMN()-2) -> 0 | I9: =SUMIFS('Încasări și plăți'!$E$5:$E$804,'Încasări și plăți'!$C$5:$C$804,$B9,'Încasări și plăți'!$G$5:$G$804,COLUMN()-2) -> 0 | J9: =SUMIFS('Încasări și plăți'!$E$5:$E$804,'Încasări și plăți'!$C$5:$C$804,$B9,'Încasări și plăți'!$G$5:$G$804,COLUMN()-2) -> 0 | ... N9: =SUMIFS('Încasări și plăți'!$E$5:$E$804,'Încasări și plăți'!$C$5:$C$804,$B9,'Încasări și plăți'!$G$5:$G$804,COLUMN()-2) -> 0 | O9: =SUM(C9:N9) -> 0
B10: =Setări!$E$9 -> Alte încasări | C10: =SUMIFS('Încasări și plăți'!$E$5:$E$804,'Încasări și plăți'!$C$5:$C$804,$B10,'Încasări și plăți'!$G$5:$G$804,COLUMN()-2) -> 500 | D10: =SUMIFS('Încasări și plăți'!$E$5:$E$804,'Încasări și plăți'!$C$5:$C$804,$B10,'Încasări și plăți'!$G$5:$G$804,COLUMN()-2) -> 500 | E10: =SUMIFS('Încasări și plăți'!$E$5:$E$804,'Încasări și plăți'!$C$5:$C$804,$B10,'Încasări și plăți'!$G$5:$G$804,COLUMN()-2) -> 500 | F10: =SUMIFS('Încasări și plăți'!$E$5:$E$804,'Încasări și plăți'!$C$5:$C$804,$B10,'Încasări și plăți'!$G$5:$G$804,COLUMN()-2) -> 500 | G10: =SUMIFS('Încasări și plăți'!$E$5:$E$804,'Încasări și plăți'!$C$5:$C$804,$B10,'Încasări și plăți'!$G$5:$G$804,COLUMN()-2) -> 500 | H10: =SUMIFS('Încasări și plăți'!$E$5:$E$804,'Încasări și plăți'!$C$5:$C$804,$B10,'Încasări și plăți'!$G$5:$G$804,COLUMN()-2) -> 500 | I10: =SUMIFS('Încasări și plăți'!$E$5:$E$804,'Încasări și plăți'!$C$5:$C$804,$B10,'Încasări și plăți'!$G$5:$G$804,COLUMN()-2) -> 500 | J10: =SUMIFS('Încasări și plăți'!$E$5:$E$804,'Încasări și plăți'!$C$5:$C$804,$B10,'Încasări și plăți'!$G$5:$G$804,COLUMN()-2) -> 500 | ... N10: =SUMIFS('Încasări și plăți'!$E$5:$E$804,'Încasări și plăți'!$C$5:$C$804,$B10,'Încasări și plăți'!$G$5:$G$804,COLUMN()-2) -> 0 | O10: =SUM(C10:N10) -> 4500
B11: Total încasări | C11: =SUM(C6:C10) -> 75380 | D11: =SUM(D6:D10) -> 75980 | E11: =SUM(E6:E10) -> 89550 | F11: =SUM(F6:F10) -> 92900 | G11: =SUM(G6:G10) -> 90660 | H11: =SUM(H6:H10) -> 101950 | I11: =SUM(I6:I10) -> 93200 | J11: =SUM(J6:J10) -> 57900 | ... N11: =SUM(N6:N10) -> 0 | O11: =SUM(C11:N11) -> 768260
B13: PLĂȚI
B14: =Setări!$E$10 -> Furnizori (marfă, materiale, servicii) | C14: =SUMIFS('Încasări și plăți'!$E$5:$E$804,'Încasări și plăți'!$C$5:$C$804,$B14,'Încasări și plăți'!$G$5:$G$804,COLUMN()-2) -> 32800 | D14: =SUMIFS('Încasări și plăți'!$E$5:$E$804,'Încasări și plăți'!$C$5:$C$804,$B14,'Încasări și plăți'!$G$5:$G$804,COLUMN()-2) -> 30480 | E14: =SUMIFS('Încasări și plăți'!$E$5:$E$804,'Încasări și plăți'!$C$5:$C$804,$B14,'Încasări și plăți'!$G$5:$G$804,COLUMN()-2) -> 37130 | F14: =SUMIFS('Încasări și plăți'!$E$5:$E$804,'Încasări și plăți'!$C$5:$C$804,$B14,'Încasări și plăți'!$G$5:$G$804,COLUMN()-2) -> 37370 | G14: =SUMIFS('Încasări și plăți'!$E$5:$E$804,'Încasări și plăți'!$C$5:$C$804,$B14,'Încasări și plăți'!$G$5:$G$804,COLUMN()-2) -> 38210 | H14: =SUMIFS('Încasări și plăți'!$E$5:$E$804,'Încasări și plăți'!$C$5:$C$804,$B14,'Încasări și plăți'!$G$5:$G$804,COLUMN()-2) -> 40700 | I14: =SUMIFS('Încasări și plăți'!$E$5:$E$804,'Încasări și plăți'!$C$5:$C$804,$B14,'Încasări și plăți'!$G$5:$G$804,COLUMN()-2) -> 37800 | J14: =SUMIFS('Încasări și plăți'!$E$5:$E$804,'Încasări și plăți'!$C$5:$C$804,$B14,'Încasări și plăți'!$G$5:$G$804,COLUMN()-2) -> 28520 | ... N14: =SUMIFS('Încasări și plăți'!$E$5:$E$804,'Încasări și plăți'!$C$5:$C$804,$B14,'Încasări și plăți'!$G$5:$G$804,COLUMN()-2) -> 0 | O14: =SUM(C14:N14) -> 324520
B15: =Setări!$E$11 -> Salarii nete | C15: =SUMIFS('Încasări și plăți'!$E$5:$E$804,'Încasări și plăți'!$C$5:$C$804,$B15,'Încasări și plăți'!$G$5:$G$804,COLUMN()-2) -> 16000 | D15: =SUMIFS('Încasări și plăți'!$E$5:$E$804,'Încasări și plăți'!$C$5:$C$804,$B15,'Încasări și plăți'!$G$5:$G$804,COLUMN()-2) -> 16000 | E15: =SUMIFS('Încasări și plăți'!$E$5:$E$804,'Încasări și plăți'!$C$5:$C$804,$B15,'Încasări și plăți'!$G$5:$G$804,COLUMN()-2) -> 16000 | F15: =SUMIFS('Încasări și plăți'!$E$5:$E$804,'Încasări și plăți'!$C$5:$C$804,$B15,'Încasări și plăți'!$G$5:$G$804,COLUMN()-2) -> 16000 | G15: =SUMIFS('Încasări și plăți'!$E$5:$E$804,'Încasări și plăți'!$C$5:$C$804,$B15,'Încasări și plăți'!$G$5:$G$804,COLUMN()-2) -> 16000 | H15: =SUMIFS('Încasări și plăți'!$E$5:$E$804,'Încasări și plăți'!$C$5:$C$804,$B15,'Încasări și plăți'!$G$5:$G$804,COLUMN()-2) -> 16000 | I15: =SUMIFS('Încasări și plăți'!$E$5:$E$804,'Încasări și plăți'!$C$5:$C$804,$B15,'Încasări și plăți'!$G$5:$G$804,COLUMN()-2) -> 16000 | J15: =SUMIFS('Încasări și plăți'!$E$5:$E$804,'Încasări și plăți'!$C$5:$C$804,$B15,'Încasări și plăți'!$G$5:$G$804,COLUMN()-2) -> 16000 | ... N15: =SUMIFS('Încasări și plăți'!$E$5:$E$804,'Încasări și plăți'!$C$5:$C$804,$B15,'Încasări și plăți'!$G$5:$G$804,COLUMN()-2) -> 0 | O15: =SUM(C15:N15) -> 144000
B16: =Setări!$E$12 -> Contribuții și impozit pe salarii | C16: =SUMIFS('Încasări și plăți'!$E$5:$E$804,'Încasări și plăți'!$C$5:$C$804,$B16,'Încasări și plăți'!$G$5:$G$804,COLUMN()-2) -> 10500 | D16: =SUMIFS('Încasări și plăți'!$E$5:$E$804,'Încasări și plăți'!$C$5:$C$804,$B16,'Încasări și plăți'!$G$5:$G$804,COLUMN()-2) -> 10500 | E16: =SUMIFS('Încasări și plăți'!$E$5:$E$804,'Încasări și plăți'!$C$5:$C$804,$B16,'Încasări și plăți'!$G$5:$G$804,COLUMN()-2) -> 10500 | F16: =SUMIFS('Încasări și plăți'!$E$5:$E$804,'Încasări și plăți'!$C$5:$C$804,$B16,'Încasări și plăți'!$G$5:$G$804,COLUMN()-2) -> 10500 | G16: =SUMIFS('Încasări și plăți'!$E$5:$E$804,'Încasări și plăți'!$C$5:$C$804,$B16,'Încasări și plăți'!$G$5:$G$804,COLUMN()-2) -> 10500 | H16: =SUMIFS('Încasări și plăți'!$E$5:$E$804,'Încasări și plăți'!$C$5:$C$804,$B16,'Încasări și plăți'!$G$5:$G$804,COLUMN()-2) -> 10500 | I16: =SUMIFS('Încasări și plăți'!$E$5:$E$804,'Încasări și plăți'!$C$5:$C$804,$B16,'Încasări și plăți'!$G$5:$G$804,COLUMN()-2) -> 10500 | J16: =SUMIFS('Încasări și plăți'!$E$5:$E$804,'Încasări și plăți'!$C$5:$C$804,$B16,'Încasări și plăți'!$G$5:$G$804,COLUMN()-2) -> 10500 | ... N16: =SUMIFS('Încasări și plăți'!$E$5:$E$804,'Încasări și plăți'!$C$5:$C$804,$B16,'Încasări și plăți'!$G$5:$G$804,COLUMN()-2) -> 0 | O16: =SUM(C16:N16) -> 94500
B17: =Setări!$E$13 -> TVA de plată | C17: =SUMIFS('Încasări și plăți'!$E$5:$E$804,'Încasări și plăți'!$C$5:$C$804,$B17,'Încasări și plăți'!$G$5:$G$804,COLUMN()-2) -> 5200 | D17: =SUMIFS('Încasări și plăți'!$E$5:$E$804,'Încasări și plăți'!$C$5:$C$804,$B17,'Încasări și plăți'!$G$5:$G$804,COLUMN()-2) -> 5200 | E17: =SUMIFS('Încasări și plăți'!$E$5:$E$804,'Încasări și plăți'!$C$5:$C$804,$B17,'Încasări și plăți'!$G$5:$G$804,COLUMN()-2) -> 5200 | F17: =SUMIFS('Încasări și plăți'!$E$5:$E$804,'Încasări și plăți'!$C$5:$C$804,$B17,'Încasări și plăți'!$G$5:$G$804,COLUMN()-2) -> 5200 | G17: =SUMIFS('Încasări și plăți'!$E$5:$E$804,'Încasări și plăți'!$C$5:$C$804,$B17,'Încasări și plăți'!$G$5:$G$804,COLUMN()-2) -> 5200 | H17: =SUMIFS('Încasări și plăți'!$E$5:$E$804,'Încasări și plăți'!$C$5:$C$804,$B17,'Încasări și plăți'!$G$5:$G$804,COLUMN()-2) -> 5200 | I17: =SUMIFS('Încasări și plăți'!$E$5:$E$804,'Încasări și plăți'!$C$5:$C$804,$B17,'Încasări și plăți'!$G$5:$G$804,COLUMN()-2) -> 5200 | J17: =SUMIFS('Încasări și plăți'!$E$5:$E$804,'Încasări și plăți'!$C$5:$C$804,$B17,'Încasări și plăți'!$G$5:$G$804,COLUMN()-2) -> 5200 | ... N17: =SUMIFS('Încasări și plăți'!$E$5:$E$804,'Încasări și plăți'!$C$5:$C$804,$B17,'Încasări și plăți'!$G$5:$G$804,COLUMN()-2) -> 0 | O17: =SUM(C17:N17) -> 46800
B18: =Setări!$E$14 -> Impozit pe profit / venit | C18: =SUMIFS('Încasări și plăți'!$E$5:$E$804,'Încasări și plăți'!$C$5:$C$804,$B18,'Încasări și plăți'!$G$5:$G$804,COLUMN()-2) -> 2400 | D18: =SUMIFS('Încasări și plăți'!$E$5:$E$804,'Încasări și plăți'!$C$5:$C$804,$B18,'Încasări și plăți'!$G$5:$G$804,COLUMN()-2) -> 0 | E18: =SUMIFS('Încasări și plăți'!$E$5:$E$804,'Încasări și plăți'!$C$5:$C$804,$B18,'Încasări și plăți'!$G$5:$G$804,COLUMN()-2) -> 0 | F18: =SUMIFS('Încasări și plăți'!$E$5:$E$804,'Încasări și plăți'!$C$5:$C$804,$B18,'Încasări și plăți'!$G$5:$G$804,COLUMN()-2) -> 2600 | G18: =SUMIFS('Încasări și plăți'!$E$5:$E$804,'Încasări și plăți'!$C$5:$C$804,$B18,'Încasări și plăți'!$G$5:$G$804,COLUMN()-2) -> 0 | H18: =SUMIFS('Încasări și plăți'!$E$5:$E$804,'Încasări și plăți'!$C$5:$C$804,$B18,'Încasări și plăți'!$G$5:$G$804,COLUMN()-2) -> 0 | I18: =SUMIFS('Încasări și plăți'!$E$5:$E$804,'Încasări și plăți'!$C$5:$C$804,$B18,'Încasări și plăți'!$G$5:$G$804,COLUMN()-2) -> 2700 | J18: =SUMIFS('Încasări și plăți'!$E$5:$E$804,'Încasări și plăți'!$C$5:$C$804,$B18,'Încasări și plăți'!$G$5:$G$804,COLUMN()-2) -> 0 | ... N18: =SUMIFS('Încasări și plăți'!$E$5:$E$804,'Încasări și plăți'!$C$5:$C$804,$B18,'Încasări și plăți'!$G$5:$G$804,COLUMN()-2) -> 0 | O18: =SUM(C18:N18) -> 7700
B19: =Setări!$E$15 -> Chirie și utilități | C19: =SUMIFS('Încasări și plăți'!$E$5:$E$804,'Încasări și plăți'!$C$5:$C$804,$B19,'Încasări și plăți'!$G$5:$G$804,COLUMN()-2) -> 6050 | D19: =SUMIFS('Încasări și plăți'!$E$5:$E$804,'Încasări și plăți'!$C$5:$C$804,$B19,'Încasări și plăți'!$G$5:$G$804,COLUMN()-2) -> 6110 | E19: =SUMIFS('Încasări și plăți'!$E$5:$E$804,'Încasări și plăți'!$C$5:$C$804,$B19,'Încasări și plăți'!$G$5:$G$804,COLUMN()-2) -> 5980 | F19: =SUMIFS('Încasări și plăți'!$E$5:$E$804,'Încasări și plăți'!$C$5:$C$804,$B19,'Încasări și plăți'!$G$5:$G$804,COLUMN()-2) -> 5800 | G19: =SUMIFS('Încasări și plăți'!$E$5:$E$804,'Încasări și plăți'!$C$5:$C$804,$B19,'Încasări și plăți'!$G$5:$G$804,COLUMN()-2) -> 5680 | H19: =SUMIFS('Încasări și plăți'!$E$5:$E$804,'Încasări și plăți'!$C$5:$C$804,$B19,'Încasări și plăți'!$G$5:$G$804,COLUMN()-2) -> 5890 | I19: =SUMIFS('Încasări și plăți'!$E$5:$E$804,'Încasări și plăți'!$C$5:$C$804,$B19,'Încasări și plăți'!$G$5:$G$804,COLUMN()-2) -> 6020 | J19: =SUMIFS('Încasări și plăți'!$E$5:$E$804,'Încasări și plăți'!$C$5:$C$804,$B19,'Încasări și plăți'!$G$5:$G$804,COLUMN()-2) -> 6060 | ... N19: =SUMIFS('Încasări și plăți'!$E$5:$E$804,'Încasări și plăți'!$C$5:$C$804,$B19,'Încasări și plăți'!$G$5:$G$804,COLUMN()-2) -> 0 | O19: =SUM(C19:N19) -> 53530
B20: =Setări!$E$16 -> Rate de credit și dobânzi | C20: =SUMIFS('Încasări și plăți'!$E$5:$E$804,'Încasări și plăți'!$C$5:$C$804,$B20,'Încasări și plăți'!$G$5:$G$804,COLUMN()-2) -> 3100 | D20: =SUMIFS('Încasări și plăți'!$E$5:$E$804,'Încasări și plăți'!$C$5:$C$804,$B20,'Încasări și plăți'!$G$5:$G$804,COLUMN()-2) -> 3100 | E20: =SUMIFS('Încasări și plăți'!$E$5:$E$804,'Încasări și plăți'!$C$5:$C$804,$B20,'Încasări și plăți'!$G$5:$G$804,COLUMN()-2) -> 3100 | F20: =SUMIFS('Încasări și plăți'!$E$5:$E$804,'Încasări și plăți'!$C$5:$C$804,$B20,'Încasări și plăți'!$G$5:$G$804,COLUMN()-2) -> 3100 | G20: =SUMIFS('Încasări și plăți'!$E$5:$E$804,'Încasări și plăți'!$C$5:$C$804,$B20,'Încasări și plăți'!$G$5:$G$804,COLUMN()-2) -> 3100 | H20: =SUMIFS('Încasări și plăți'!$E$5:$E$804,'Încasări și plăți'!$C$5:$C$804,$B20,'Încasări și plăți'!$G$5:$G$804,COLUMN()-2) -> 3100 | I20: =SUMIFS('Încasări și plăți'!$E$5:$E$804,'Încasări și plăți'!$C$5:$C$804,$B20,'Încasări și plăți'!$G$5:$G$804,COLUMN()-2) -> 3100 | J20: =SUMIFS('Încasări și plăți'!$E$5:$E$804,'Încasări și plăți'!$C$5:$C$804,$B20,'Încasări și plăți'!$G$5:$G$804,COLUMN()-2) -> 3100 | ... N20: =SUMIFS('Încasări și plăți'!$E$5:$E$804,'Încasări și plăți'!$C$5:$C$804,$B20,'Încasări și plăți'!$G$5:$G$804,COLUMN()-2) -> 0 | O20: =SUM(C20:N20) -> 27900
B21: =Setări!$E$17 -> Investiții (echipamente, mașini) | C21: =SUMIFS('Încasări și plăți'!$E$5:$E$804,'Încasări și plăți'!$C$5:$C$804,$B21,'Încasări și plăți'!$G$5:$G$804,COLUMN()-2) -> 0 | D21: =SUMIFS('Încasări și plăți'!$E$5:$E$804,'Încasări și plăți'!$C$5:$C$804,$B21,'Încasări și plăți'!$G$5:$G$804,COLUMN()-2) -> 0 | E21: =SUMIFS('Încasări și plăți'!$E$5:$E$804,'Încasări și plăți'!$C$5:$C$804,$B21,'Încasări și plăți'!$G$5:$G$804,COLUMN()-2) -> 0 | F21: =SUMIFS('Încasări și plăți'!$E$5:$E$804,'Încasări și plăți'!$C$5:$C$804,$B21,'Încasări și plăți'!$G$5:$G$804,COLUMN()-2) -> 0 | G21: =SUMIFS('Încasări și plăți'!$E$5:$E$804,'Încasări și plăți'!$C$5:$C$804,$B21,'Încasări și plăți'!$G$5:$G$804,COLUMN()-2) -> 0 | H21: =SUMIFS('Încasări și plăți'!$E$5:$E$804,'Încasări și plăți'!$C$5:$C$804,$B21,'Încasări și plăți'!$G$5:$G$804,COLUMN()-2) -> 15000 | I21: =SUMIFS('Încasări și plăți'!$E$5:$E$804,'Încasări și plăți'!$C$5:$C$804,$B21,'Încasări și plăți'!$G$5:$G$804,COLUMN()-2) -> 0 | J21: =SUMIFS('Încasări și plăți'!$E$5:$E$804,'Încasări și plăți'!$C$5:$C$804,$B21,'Încasări și plăți'!$G$5:$G$804,COLUMN()-2) -> 0 | ... N21: =SUMIFS('Încasări și plăți'!$E$5:$E$804,'Încasări și plăți'!$C$5:$C$804,$B21,'Încasări și plăți'!$G$5:$G$804,COLUMN()-2) -> 0 | O21: =SUM(C21:N21) -> 15000
B22: =Setări!$E$18 -> Dividende | C22: =SUMIFS('Încasări și plăți'!$E$5:$E$804,'Încasări și plăți'!$C$5:$C$804,$B22,'Încasări și plăți'!$G$5:$G$804,COLUMN()-2) -> 0 | D22: =SUMIFS('Încasări și plăți'!$E$5:$E$804,'Încasări și plăți'!$C$5:$C$804,$B22,'Încasări și plăți'!$G$5:$G$804,COLUMN()-2) -> 0 | E22: =SUMIFS('Încasări și plăți'!$E$5:$E$804,'Încasări și plăți'!$C$5:$C$804,$B22,'Încasări și plăți'!$G$5:$G$804,COLUMN()-2) -> 0 | F22: =SUMIFS('Încasări și plăți'!$E$5:$E$804,'Încasări și plăți'!$C$5:$C$804,$B22,'Încasări și plăți'!$G$5:$G$804,COLUMN()-2) -> 0 | G22: =SUMIFS('Încasări și plăți'!$E$5:$E$804,'Încasări și plăți'!$C$5:$C$804,$B22,'Încasări și plăți'!$G$5:$G$804,COLUMN()-2) -> 0 | H22: =SUMIFS('Încasări și plăți'!$E$5:$E$804,'Încasări și plăți'!$C$5:$C$804,$B22,'Încasări și plăți'!$G$5:$G$804,COLUMN()-2) -> 30000 | I22: =SUMIFS('Încasări și plăți'!$E$5:$E$804,'Încasări și plăți'!$C$5:$C$804,$B22,'Încasări și plăți'!$G$5:$G$804,COLUMN()-2) -> 0 | J22: =SUMIFS('Încasări și plăți'!$E$5:$E$804,'Încasări și plăți'!$C$5:$C$804,$B22,'Încasări și plăți'!$G$5:$G$804,COLUMN()-2) -> 0 | ... N22: =SUMIFS('Încasări și plăți'!$E$5:$E$804,'Încasări și plăți'!$C$5:$C$804,$B22,'Încasări și plăți'!$G$5:$G$804,COLUMN()-2) -> 0 | O22: =SUM(C22:N22) -> 30000
B23: =Setări!$E$19 -> Alte plăți | C23: =SUMIFS('Încasări și plăți'!$E$5:$E$804,'Încasări și plăți'!$C$5:$C$804,$B23,'Încasări și plăți'!$G$5:$G$804,COLUMN()-2) -> 1500 | D23: =SUMIFS('Încasări și plăți'!$E$5:$E$804,'Încasări și plăți'!$C$5:$C$804,$B23,'Încasări și plăți'!$G$5:$G$804,COLUMN()-2) -> 1500 | E23: =SUMIFS('Încasări și plăți'!$E$5:$E$804,'Încasări și plăți'!$C$5:$C$804,$B23,'Încasări și plăți'!$G$5:$G$804,COLUMN()-2) -> 1500 | F23: =SUMIFS('Încasări și plăți'!$E$5:$E$804,'Încasări și plăți'!$C$5:$C$804,$B23,'Încasări și plăți'!$G$5:$G$804,COLUMN()-2) -> 1500 | G23: =SUMIFS('Încasări și plăți'!$E$5:$E$804,'Încasări și plăți'!$C$5:$C$804,$B23,'Încasări și plăți'!$G$5:$G$804,COLUMN()-2) -> 1500 | H23: =SUMIFS('Încasări și plăți'!$E$5:$E$804,'Încasări și plăți'!$C$5:$C$804,$B23,'Încasări și plăți'!$G$5:$G$804,COLUMN()-2) -> 1500 | I23: =SUMIFS('Încasări și plăți'!$E$5:$E$804,'Încasări și plăți'!$C$5:$C$804,$B23,'Încasări și plăți'!$G$5:$G$804,COLUMN()-2) -> 1500 | J23: =SUMIFS('Încasări și plăți'!$E$5:$E$804,'Încasări și plăți'!$C$5:$C$804,$B23,'Încasări și plăți'!$G$5:$G$804,COLUMN()-2) -> 1500 | ... N23: =SUMIFS('Încasări și plăți'!$E$5:$E$804,'Încasări și plăți'!$C$5:$C$804,$B23,'Încasări și plăți'!$G$5:$G$804,COLUMN()-2) -> 0 | O23: =SUM(C23:N23) -> 13500
B24: Total plăți | C24: =SUM(C14:C23) -> 77550 | D24: =SUM(D14:D23) -> 72890 | E24: =SUM(E14:E23) -> 79410 | F24: =SUM(F14:F23) -> 82070 | G24: =SUM(G14:G23) -> 80190 | H24: =SUM(H14:H23) -> 127890 | I24: =SUM(I14:I23) -> 82820 | J24: =SUM(J14:J23) -> 70880 | ... N24: =SUM(N14:N23) -> 0 | O24: =SUM(C24:N24) -> 757450

Sheet Realizat vs previziune
B1: Realizat față de previziune
B2: Pentru lunile încheiate: unde ai încasat sau ai plătit mai mult sau mai puțin decât ai estimat. Abaterile de peste 10% sunt evidențiate.
B4: Luna | C4: Încasări previzionate | D4: Încasări realizate | E4: Abatere | F4: Plăți previzionate | G4: Plăți realizate | H4: Abatere | I4: Flux net previzionat | J4: Flux net realizat | L4: Pe categorii (lunile încheiate)
B5: Ian | C5: =IF(1>UltimaLuna,"",Previziune!C11) -> 78500 | D5: =IF(1>UltimaLuna,"",'Realizat lunar'!C11) -> 75380 | E5: =IF(OR(C5="",N(C5)=0),"",D5/C5-1) -> -0.039745223 | F5: =IF(1>UltimaLuna,"",Previziune!C24) -> 77300 | G5: =IF(1>UltimaLuna,"",'Realizat lunar'!C24) -> 77550 | H5: =IF(OR(F5="",N(F5)=0),"",G5/F5-1) -> 0.0032341527 | I5: =IF(C5="","",C5-F5) -> 1200 | J5: =IF(D5="","",D5-G5) -> -2170 | L5: Categorie | M5: Previzionat | N5: Realizat | O5: Abatere
B6: Feb | C6: =IF(2>UltimaLuna,"",Previziune!D11) -> 74500 | D6: =IF(2>UltimaLuna,"",'Realizat lunar'!D11) -> 75980 | E6: =IF(OR(C6="",N(C6)=0),"",D6/C6-1) -> 0.019865772 | F6: =IF(2>UltimaLuna,"",Previziune!D24) -> 73200 | G6: =IF(2>UltimaLuna,"",'Realizat lunar'!D24) -> 72890 | H6: =IF(OR(F6="",N(F6)=0),"",G6/F6-1) -> -0.0042349727 | I6: =IF(C6="","",C6-F6) -> 1300 | J6: =IF(D6="","",D6-G6) -> 3090 | L6: =Setări!$E$5 -> Încasări de la clienți | M6: =SUMPRODUCT((COLUMN(Previziune!$C$6:$N$6)-2<=UltimaLuna)*Previziune!$C$6:$N$6) -> 768000 | N6: =SUMPRODUCT((COLUMN('Realizat lunar'!$C$6:$N$6)-2<=UltimaLuna)*'Realizat lunar'!$C$6:$N$6) -> 738760 | O6: =IF(M6=0,IF(N6=0,"","neprevăzut"),N6/M6-1) -> -0.038072917
B7: Mar | C7: =IF(3>UltimaLuna,"",Previziune!E11) -> 95500 | D7: =IF(3>UltimaLuna,"",'Realizat lunar'!E11) -> 89550 | E7: =IF(OR(C7="",N(C7)=0),"",D7/C7-1) -> -0.062303665 | F7: =IF(3>UltimaLuna,"",Previziune!E24) -> 77800 | G7: =IF(3>UltimaLuna,"",'Realizat lunar'!E24) -> 79410 | H7: =IF(OR(F7="",N(F7)=0),"",G7/F7-1) -> 0.020694087 | I7: =IF(C7="","",C7-F7) -> 17700 | J7: =IF(D7="","",D7-G7) -> 10140 | L7: =Setări!$E$6 -> Avansuri de la clienți | M7: =SUMPRODUCT((COLUMN(Previziune!$C$7:$N$7)-2<=UltimaLuna)*Previziune!$C$7:$N$7) -> 37000 | N7: =SUMPRODUCT((COLUMN('Realizat lunar'!$C$7:$N$7)-2<=UltimaLuna)*'Realizat lunar'!$C$7:$N$7) -> 25000 | O7: =IF(M7=0,IF(N7=0,"","neprevăzut"),N7/M7-1) -> -0.32432432
B8: Apr | C8: =IF(4>UltimaLuna,"",Previziune!F11) -> 88500 | D8: =IF(4>UltimaLuna,"",'Realizat lunar'!F11) -> 92900 | E8: =IF(OR(C8="",N(C8)=0),"",D8/C8-1) -> 0.049717514 | F8: =IF(4>UltimaLuna,"",Previziune!F24) -> 81700 | G8: =IF(4>UltimaLuna,"",'Realizat lunar'!F24) -> 82070 | H8: =IF(OR(F8="",N(F8)=0),"",G8/F8-1) -> 0.0045287638 | I8: =IF(C8="","",C8-F8) -> 6800 | J8: =IF(D8="","",D8-G8) -> 10830 | L8: =Setări!$E$7 -> Credite și împrumuturi primite | M8: =SUMPRODUCT((COLUMN(Previziune!$C$8:$N$8)-2<=UltimaLuna)*Previziune!$C$8:$N$8) -> 0 | N8: =SUMPRODUCT((COLUMN('Realizat lunar'!$C$8:$N$8)-2<=UltimaLuna)*'Realizat lunar'!$C$8:$N$8) -> 0 | O8: =IF(M8=0,IF(N8=0,"","neprevăzut"),N8/M8-1)
B9: Mai | C9: =IF(5>UltimaLuna,"",Previziune!G11) -> 92500 | D9: =IF(5>UltimaLuna,"",'Realizat lunar'!G11) -> 90660 | E9: =IF(OR(C9="",N(C9)=0),"",D9/C9-1) -> -0.019891892 | F9: =IF(5>UltimaLuna,"",Previziune!G24) -> 80700 | G9: =IF(5>UltimaLuna,"",'Realizat lunar'!G24) -> 80190 | H9: =IF(OR(F9="",N(F9)=0),"",G9/F9-1) -> -0.0063197026 | I9: =IF(C9="","",C9-F9) -> 11800 | J9: =IF(D9="","",D9-G9) -> 10470 | L9: =Setări!$E$8 -> Aport al asociaților | M9: =SUMPRODUCT((COLUMN(Previziune!$C$9:$N$9)-2<=UltimaLuna)*Previziune!$C$9:$N$9) -> 0 | N9: =SUMPRODUCT((COLUMN('Realizat lunar'!$C$9:$N$9)-2<=UltimaLuna)*'Realizat lunar'!$C$9:$N$9) -> 0 | O9: =IF(M9=0,IF(N9=0,"","neprevăzut"),N9/M9-1)
B10: Iun | C10: =IF(6>UltimaLuna,"",Previziune!H11) -> 110500 | D10: =IF(6>UltimaLuna,"",'Realizat lunar'!H11) -> 101950 | E10: =IF(OR(C10="",N(C10)=0),"",D10/C10-1) -> -0.077375566 | F10: =IF(6>UltimaLuna,"",Previziune!H24) -> 127000 | G10: =IF(6>UltimaLuna,"",'Realizat lunar'!H24) -> 127890 | H10: =IF(OR(F10="",N(F10)=0),"",G10/F10-1) -> 0.007007874 | I10: =IF(C10="","",C10-F10) -> -16500 | J10: =IF(D10="","",D10-G10) -> -25940 | L10: =Setări!$E$9 -> Alte încasări | M10: =SUMPRODUCT((COLUMN(Previziune!$C$10:$N$10)-2<=UltimaLuna)*Previziune!$C$10:$N$10) -> 4500 | N10: =SUMPRODUCT((COLUMN('Realizat lunar'!$C$10:$N$10)-2<=UltimaLuna)*'Realizat lunar'!$C$10:$N$10) -> 4500 | O10: =IF(M10=0,IF(N10=0,"","neprevăzut"),N10/M10-1) -> 0
B11: Iul | C11: =IF(7>UltimaLuna,"",Previziune!I11) -> 90500 | D11: =IF(7>UltimaLuna,"",'Realizat lunar'!I11) -> 93200 | E11: =IF(OR(C11="",N(C11)=0),"",D11/C11-1) -> 0.029834254 | F11: =IF(7>UltimaLuna,"",Previziune!I24) -> 82600 | G11: =IF(7>UltimaLuna,"",'Realizat lunar'!I24) -> 82820 | H11: =IF(OR(F11="",N(F11)=0),"",G11/F11-1) -> 0.0026634383 | I11: =IF(C11="","",C11-F11) -> 7900 | J11: =IF(D11="","",D11-G11) -> 10380 | L11: =Setări!$E$10 -> Furnizori (marfă, materiale, servicii) | M11: =SUMPRODUCT((COLUMN(Previziune!$C$14:$N$14)-2<=UltimaLuna)*Previziune!$C$14:$N$14) -> 322600 | N11: =SUMPRODUCT((COLUMN('Realizat lunar'!$C$14:$N$14)-2<=UltimaLuna)*'Realizat lunar'!$C$14:$N$14) -> 324520 | O11: =IF(M11=0,IF(N11=0,"","neprevăzut"),N11/M11-1) -> 0.0059516429
B12: Aug | C12: =IF(8>UltimaLuna,"",Previziune!J11) -> 70500 | D12: =IF(8>UltimaLuna,"",'Realizat lunar'!J11) -> 57900 | E12: =IF(OR(C12="",N(C12)=0),"",D12/C12-1) -> -0.1787234 | F12: =IF(8>UltimaLuna,"",Previziune!J24) -> 71500 | G12: =IF(8>UltimaLuna,"",'Realizat lunar'!J24) -> 70880 | H12: =IF(OR(F12="",N(F12)=0),"",G12/F12-1) -> -0.0086713287 | I12: =IF(C12="","",C12-F12) -> -1000 | J12: =IF(D12="","",D12-G12) -> -12980 | L12: =Setări!$E$11 -> Salarii nete | M12: =SUMPRODUCT((COLUMN(Previziune!$C$15:$N$15)-2<=UltimaLuna)*Previziune!$C$15:$N$15) -> 144000 | N12: =SUMPRODUCT((COLUMN('Realizat lunar'!$C$15:$N$15)-2<=UltimaLuna)*'Realizat lunar'!$C$15:$N$15) -> 144000 | O12: =IF(M12=0,IF(N12=0,"","neprevăzut"),N12/M12-1) -> 0
B13: Sep | C13: =IF(9>UltimaLuna,"",Previziune!K11) -> 108500 | D13: =IF(9>UltimaLuna,"",'Realizat lunar'!K11) -> 90740 | E13: =IF(OR(C13="",N(C13)=0),"",D13/C13-1) -> -0.16368664 | F13: =IF(9>UltimaLuna,"",Previziune!K24) -> 82400 | G13: =IF(9>UltimaLuna,"",'Realizat lunar'!K24) -> 83750 | H13: =IF(OR(F13="",N(F13)=0),"",G13/F13-1) -> 0.016383495 | I13: =IF(C13="","",C13-F13) -> 26100 | J13: =IF(D13="","",D13-G13) -> 6990 | L13: =Setări!$E$12 -> Contribuții și impozit pe salarii | M13: =SUMPRODUCT((COLUMN(Previziune!$C$16:$N$16)-2<=UltimaLuna)*Previziune!$C$16:$N$16) -> 94500 | N13: =SUMPRODUCT((COLUMN('Realizat lunar'!$C$16:$N$16)-2<=UltimaLuna)*'Realizat lunar'!$C$16:$N$16) -> 94500 | O13: =IF(M13=0,IF(N13=0,"","neprevăzut"),N13/M13-1) -> 0
B14: Oct | C14: =IF(10>UltimaLuna,"",Previziune!L11) | D14: =IF(10>UltimaLuna,"",'Realizat lunar'!L11) | E14: =IF(OR(C14="",N(C14)=0),"",D14/C14-1) | F14: =IF(10>UltimaLuna,"",Previziune!L24) | G14: =IF(10>UltimaLuna,"",'Realizat lunar'!L24) | H14: =IF(OR(F14="",N(F14)=0),"",G14/F14-1) | I14: =IF(C14="","",C14-F14) | J14: =IF(D14="","",D14-G14) | L14: =Setări!$E$13 -> TVA de plată | M14: =SUMPRODUCT((COLUMN(Previziune!$C$17:$N$17)-2<=UltimaLuna)*Previziune!$C$17:$N$17) -> 46800 | N14: =SUMPRODUCT((COLUMN('Realizat lunar'!$C$17:$N$17)-2<=UltimaLuna)*'Realizat lunar'!$C$17:$N$17) -> 46800 | O14: =IF(M14=0,IF(N14=0,"","neprevăzut"),N14/M14-1) -> 0
B15: Nov | C15: =IF(11>UltimaLuna,"",Previziune!M11) | D15: =IF(11>UltimaLuna,"",'Realizat lunar'!M11) | E15: =IF(OR(C15="",N(C15)=0),"",D15/C15-1) | F15: =IF(11>UltimaLuna,"",Previziune!M24) | G15: =IF(11>UltimaLuna,"",'Realizat lunar'!M24) | H15: =IF(OR(F15="",N(F15)=0),"",G15/F15-1) | I15: =IF(C15="","",C15-F15) | J15: =IF(D15="","",D15-G15) | L15: =Setări!$E$14 -> Impozit pe profit / venit | M15: =SUMPRODUCT((COLUMN(Previziune!$C$18:$N$18)-2<=UltimaLuna)*Previziune!$C$18:$N$18) -> 7700 | N15: =SUMPRODUCT((COLUMN('Realizat lunar'!$C$18:$N$18)-2<=UltimaLuna)*'Realizat lunar'!$C$18:$N$18) -> 7700 | O15: =IF(M15=0,IF(N15=0,"","neprevăzut"),N15/M15-1) -> 0
B16: Dec | C16: =IF(12>UltimaLuna,"",Previziune!N11) | D16: =IF(12>UltimaLuna,"",'Realizat lunar'!N11) | E16: =IF(OR(C16="",N(C16)=0),"",D16/C16-1) | F16: =IF(12>UltimaLuna,"",Previziune!N24) | G16: =IF(12>UltimaLuna,"",'Realizat lunar'!N24) | H16: =IF(OR(F16="",N(F16)=0),"",G16/F16-1) | I16: =IF(C16="","",C16-F16) | J16: =IF(D16="","",D16-G16) | L16: =Setări!$E$15 -> Chirie și utilități | M16: =SUMPRODUCT((COLUMN(Previziune!$C$19:$N$19)-2<=UltimaLuna)*Previziune!$C$19:$N$19) -> 52200 | N16: =SUMPRODUCT((COLUMN('Realizat lunar'!$C$19:$N$19)-2<=UltimaLuna)*'Realizat lunar'!$C$19:$N$19) -> 53530 | O16: =IF(M16=0,IF(N16=0,"","neprevăzut"),N16/M16-1) -> 0.025478927
B17: Total lunile încheiate | C17: =SUM(C5:C16) -> 809500 | D17: =SUM(D5:D16) -> 768260 | E17: =IF(C17=0,"",D17/C17-1) -> -0.050945028 | F17: =SUM(F5:F16) -> 754200 | G17: =SUM(G5:G16) -> 757450 | H17: =IF(F17=0,"",G17/F17-1) -> 0.0043092018 | I17: =SUM(I5:I16) -> 55300 | J17: =SUM(J5:J16) -> 10810 | L17: =Setări!$E$16 -> Rate de credit și dobânzi | M17: =SUMPRODUCT((COLUMN(Previziune!$C$20:$N$20)-2<=UltimaLuna)*Previziune!$C$20:$N$20) -> 27900 | N17: =SUMPRODUCT((COLUMN('Realizat lunar'!$C$20:$N$20)-2<=UltimaLuna)*'Realizat lunar'!$C$20:$N$20) -> 27900 | O17: =IF(M17=0,IF(N17=0,"","neprevăzut"),N17/M17-1) -> 0
L18: =Setări!$E$17 -> Investiții (echipamente, mașini) | M18: =SUMPRODUCT((COLUMN(Previziune!$C$21:$N$21)-2<=UltimaLuna)*Previziune!$C$21:$N$21) -> 15000 | N18: =SUMPRODUCT((COLUMN('Realizat lunar'!$C$21:$N$21)-2<=UltimaLuna)*'Realizat lunar'!$C$21:$N$21) -> 15000 | O18: =IF(M18=0,IF(N18=0,"","neprevăzut"),N18/M18-1) -> 0
L19: =Setări!$E$18 -> Dividende | M19: =SUMPRODUCT((COLUMN(Previziune!$C$22:$N$22)-2<=UltimaLuna)*Previziune!$C$22:$N$22) -> 30000 | N19: =SUMPRODUCT((COLUMN('Realizat lunar'!$C$22:$N$22)-2<=UltimaLuna)*'Realizat lunar'!$C$22:$N$22) -> 30000 | O19: =IF(M19=0,IF(N19=0,"","neprevăzut"),N19/M19-1) -> 0
L20: =Setări!$E$19 -> Alte plăți | M20: =SUMPRODUCT((COLUMN(Previziune!$C$23:$N$23)-2<=UltimaLuna)*Previziune!$C$23:$N$23) -> 13500 | N20: =SUMPRODUCT((COLUMN('Realizat lunar'!$C$23:$N$23)-2<=UltimaLuna)*'Realizat lunar'!$C$23:$N$23) -> 13500 | O20: =IF(M20=0,IF(N20=0,"","neprevăzut"),N20/M20-1) -> 0

Sheet Setări
B1: Setări
B2: Completează datele de pornire. Categoriile se pot redenumi; apar automat în toate foile.
B4: Firma | C4: Exemplu Distribuție SRL | E4: Categorii | F4: Tip
B5: Anul | C5: 2026 | E5: Încasări de la clienți | F5: Încasare
B6: Sold inițial la 1 ianuarie (bancă + casă) | C6: 45000 | E6: Avansuri de la clienți | F6: Încasare
B7: Sold minim dorit (rezervă de siguranță) | C7: 20000 | E7: Credite și împrumuturi primite | F7: Încasare
B8: Ultima lună încheiată (1–12) | C8: 9 | E8: Aport al asociaților | F8: Încasare
B9: Lunile până la „ultima lună încheiată” se iau din încasările și plățile realizate; lunile următoare, din previziune. | E9: Alte încasări | F9: Încasare
E10: Furnizori (marfă, materiale, servicii) | F10: Plată
E11: Salarii nete | F11: Plată
E12: Contribuții și impozit pe salarii | F12: Plată
E13: TVA de plată | F13: Plată
E14: Impozit pe profit / venit | F14: Plată
E15: Chirie și utilități | F15: Plată
E16: Rate de credit și dobânzi | F16: Plată
E17: Investiții (echipamente, mașini) | F17: Plată
E18: Dividende | F18: Plată
E19: Alte plăți | F19: Plată
B21: © 2026 Ray Moreno – modelexcel.ro
B22: Model gratuit: îl poți folosi și adapta în activitatea ta. Nu este permisă revânzarea lui sau publicarea pe alte site-uri.
B23: Instrucțiuni și alte modele: modelexcel.ro/cash-flow-excel/
